 Dungeon Crawl Stone Soup version 0.31-a0-925-g0a390f2509 (webtiles) character file.

Game seed: 14264926675103170342

1638079 Flugkiller the Warrior (level 24, 191/198 (201) HPs)
             Began as a Felid Chaos Knight on Oct 18, 2023.
             Was a Favourite Plaything of Xom.
             Escaped with the Orb
             ... and 3 runes!
             The game lasted 02:24:20 (67030 turns).

Flugkiller the Warrior (Felid Chaos Knight)        Turns: 67030, Time: 02:24:21

HP:   191/198 (201) AC: 22    Str: 25 (29) XL:     24   Next: 67%
MP:   38/38         EV: 32    Int:  9 (15) God:    Xom [.*....]
Gold: 4393          SH:  0    Dex: 25 (28) Spells: 17/43 levels left
                                        Lives: 2   Deaths: 1

rFire   + +          .
                       - Unarmed
rCold   + + .        (shield unavailable)
rNeg    + . .        (body armour unavailable)
rPois   +            (helmet unavailable)
rElec   .            (cloak unavailable)
rCorr   .            (gloves unavailable)
SInv    +            (boots unavailable)
Will    ++++.        u - macabre finger necklace {Finger+ rN+}
Stlth   ++           O - ring of Ojat {Drain rC+++ EV+5 Dex+4 Stlth+}
HPRegen 0.53/turn    j - ring of the Tortoise {AC+8}
MPRegen 0.26/turn    v - +5 ring of evasion

%: no passive effects
@: dragon-form, flying, lightly drained
A: dragon claw, dragon scales, breathe fire, flying, boosted hp, giant, (claws
1), (fangs 3), see invisible, (speed 1), (shaggy fur 3), (stealthy paws), no
weapons or thrown items, no armour, multi-lived, (horns 2), (iridescent scales
3), (large bone plates 1), agile 2, clever 1, (fire resistance 1), strong-willed
1, mutation resistance 1, sense surroundings 1, (poison resistance), robust 1,
strong 2, wild magic 1, inability to drink after injury 1, MP-powered wands
0: Orb of Zot
}: 3/15 runes: decaying, serpentine, abyssal
a: Breathe Fire, Begin Untransformation, Renounce Religion


You escaped.
You worshipped Xom.
You were a plaything of Xom.
You were a fearsome dragon!
You visited 10 branches of the dungeon, and saw 46 of its levels.
You visited the Abyss 3 times.
You also visited: Bailey, Gauntlet and Ice Cave.

You collected 8966 gold pieces.
You spent 4573 gold pieces at shops.

Inventory:

Jewellery
 f - a ring of protection from fire
   (You found it on level 3 of the Swamp)
 g - a ring of positive energy
   (You found it on level 1 of the Elven Halls)
 j - the ring of the Tortoise (right foreclaw) {AC+8}
   (You found it on level 3 of the Dungeon)

   [ring of protection]

   AC+8:      It affects your AC (+8).
 u - the macabre finger necklace (around neck) {Finger+ rN+}
   (You bought it in a shop on level 1 of the Elven Halls)

   [amulet of nothing]

   Finger+:   It enables you to equip an extra ring.
   rN+:       It protects you from negative energy.
 v - a +5 ring of evasion (on amulet)
   (You found it on level 1 of the Lair of Beasts)
 y - the ring "Lyphec" {rC+ Will+ Int+2}
   (You took it off a vault warden on level 2 of the Vaults)

   [ring of willpower]

   Int+2:     It affects your intelligence (+2).
   rC+:       It protects you from cold.
   Will+:     It increases your willpower.
 K - the ring of the Raven {Will+ Dex+2 Slay+4}
   (You acquired it on level 6 of the Dungeon)

   [ring of slaying]

   Dex+2:     It affects your dexterity (+2).
   Slay+4:    It affects your accuracy & damage with ranged weapons and melee
   (+4).
   Will+:     It increases your willpower.
 O - the ring of Ojat (left foreclaw) {Drain rC+++ EV+5 Dex+4 Stlth+}
   (You found it in an ice cave)

   [ring of evasion]

   EV+5:      It affects your evasion (+5).
   Dex+4:     It affects your dexterity (+4).
   rC+++:     It renders you almost immune to cold.
   Drain:     It drains your maximum health when unequipped.
   Stlth+:    It makes you more stealthy.
 V - an amulet of guardian spirit
   (You found it on level 11 of the Dungeon)
Talismans
 a - a flux talisman
   (You found it on level 3 of the Dungeon)
 B - a dragon-blood talisman (active)
   (You bought it in a shop on level 1 of the Elven Halls)
Wands
 b - a wand of light (15)
   (You took it off an orc on level 4 of the Dungeon)
 l - a wand of iceblast (24)
   (You found it on level 7 of the Dungeon)
 m - a wand of mindburst (18)
   (You found it on level 8 of the Dungeon)
 x - a wand of digging (5)
   (You found it on level 6 of the Dungeon)
 H - a wand of flame (45)
   (You found it on level 5 of the Lair of Beasts)
 N - a wand of polymorph (13)
   (You took it off Edmund on level 5 of the Dungeon)
 T - a wand of charming (33)
   (You found it on level 13 of the Dungeon)
Scrolls
 e - 8 scrolls of vulnerability
 o - 3 scrolls of silence
 s - 3 scrolls of torment
 t - 6 scrolls of teleportation
 z - 3 scrolls of blinking
 A - 2 scrolls of fear
 J - 3 scrolls of poison
 L - 5 scrolls of immolation
 M - 5 scrolls of fog
 Z - a scroll of summoning
Potions
 c - 8 potions of enlightenment
 d - 6 potions of might
 h - 7 potions of haste
 i - a potion of ambrosia
 k - 2 potions of magic
 n - a potion of resistance
 q - 6 potions of curing
 w - a potion of heal wounds
 D - 2 potions of lignification
 E - 2 potions of attraction
 F - 4 potions of brilliance
 P - 3 potions of berserk rage
 R - 4 potions of mutation
 W - a potion of invisibility
Miscellaneous
 C - a sack of spiders (inert)
   (You found it on level 1 of the Lair of Beasts)
 G - a tin of tremorstones (2/2)
   (You found it on level 2 of the Lair of Beasts)
 Q - a lightning rod (4/4)
   (You found it on level 5 of the Lair of Beasts)
 S - a phial of floods
   (You found it on level 5 of the Lair of Beasts)
 U - a box of beasts
   (Xom gifted it to you on level 4 of the Snake Pit)


   Skills:
 - Level 20.0 Fighting
 - Level 18.0 Dodging
 - Level 4.0 Stealth
 - Level 20.0 Unarmed Combat
 - Level 10.0 Spellcasting
 - Level 16.0 Conjurations
 - Level 13.0 Summonings
 - Level 2.0 Translocations
 - Level 10.0 Transmutations
 - Level 6.0 Ice Magic
 + Level 13.5 Evocations
 - Level 20.0 Shapeshifting


You had 17 spell levels left.
You knew the following spells:

 Your Spells              Type           Power      Damage    Failure   Level
a - Wereblood             Tmut           29%        N/A       1%          2
b - Ozocubu's Armour      Ice            19%        N/A       6%          3
c - Spellforged Servitor  Conj/Summ      19%        N/A       41%         7
d - Bombard               Conj/Erth      12%        9d3       71%         6
i - Irradiate             Conj/Tmut      18%        3d17      3%          5
q - Apportation           Tloc           20%        N/A       10%         1
r - Blink                 Tloc           20%        N/A       14%         2

Your spell library contained the following spells:

 Spells                   Type           Power      Damage    Failure   Level
 Summon Small Mammal      Summ           100%       N/A       1%          1
 Momentum Strike          Conj/Tloc      54%        3d9       1%          2
 Call Canine Familiar     Summ           36%        N/A       1%          3
 Hailstorm                Conj/Ice       31%        3d8       1%          3
 Iskenderun's Battlesphe  Conj           43%        2d9       1%          5
 Sting                    Tmut/Pois      68%        1d6       3%          1
 Dazzling Flash           Conj/Hex       48%        N/A       3%          3
 Stone Arrow              Conj/Erth      48%        3d10      3%          3
 Summon Guardian Golem    Hex/Summ       21%        N/A       5%          3
 Summon Ice Beast         Ice/Summ       28%        N/A       5%          4
 Frozen Ramparts          Ice            38%        1d6       6%          3
 Mephitic Cloud           Conj/Pois/Air  18%        N/A       8%          3
 Brom's Barrelling Bould  Conj/Erth      24%        2d5       9%          4
 Ensorcelled Hibernation  Hex/Ice        24%        N/A       10%         2
 Lesser Beckoning         Tloc           20%        N/A       14%         2
 Ignite Poison            Fire/Tmut/Pois 13%        N/A       17%         3
 Necrotise                Necr           20%        1d5       21%         1
 Sandblast                Erth           10%        2d5       21%         1
 Fireball                 Conj/Fire      12%        3d7       22%         5
 Orb of Destruction       Conj           21%        9d8       24%         7
 Petrify                  Tmut/Erth      17%        N/A       26%         4
 Freezing Cloud           Conj/Ice/Air   11%        6-21      28%         5
 Cigotuvi's Dreadful Rot  Necr/Pois/Air  10%        N/A       30%         2
 Jinxbite                 Hex            10%        N/A       30%         2
 Poisonous Vapours        Pois/Air       10%        N/A       30%         2
 Sublimation of Blood     Necr           5%         N/A       30%         2
 Volatile Blastmotes      Fire/Tloc      16%        2d11      36%         3
 Sigil of Binding         Hex            5%         N/A       50%         3
 Vampiric Draining        Necr           5%         2d6       50%         3
 Alistair's Intoxication  Tmut/Pois      11%        N/A       54%         5
 Summon Hydra             Summ           18%        N/A       61%         7
 Passage of Golubria      Tloc           10%        N/A       63%         4
 Conjure Ball Lightning   Conj/Air       12%        3x3d6     71%         6
 Starburst                Conj/Fire      12%        6d5       71%         6
 Metabolic Englaciation   Hex/Ice        6%         N/A       82%         5
 Anguish                  Hex/Necr       2%         N/A       87%         4
 Animate Dead             Necr           5%         N/A       87%         4
 Dispel Undead            Necr           5%         3d7       87%         4
 Leda's Liquefaction      Hex/Erth       2%         N/A       87%         4
 Olgreb's Toxic Radiance  Pois           5%         N/A       87%         4
 Eringya's Noxious Bog    Tmut/Pois      8%         4d6       98%         6
 Agony                    Necr           5%         N/A       99%         5
 Borgnjor's Vile Clutch   Necr/Erth      2%         N/A       99%         5
 Lee's Rapid Deconstruct  Erth           2%         3d5*      99%         5
 Summon Horrible Things   Summ           18%        N/A       99%         8
 Death Channel            Necr           2%         N/A       100%        6
 Simulacrum               Ice/Necr       6%         N/A       100%        6
 Haunt                    Necr/Summ      10%        N/A       100%        7
 Malign Gateway           Summ/Tloc      11%        N/A       100%        7
 Ozocubu's Refrigeration  Ice            9%         4d9       100%        7
 Infestation              Necr           2%         N/A       100%        8
 Lehudib's Crystal Spear  Conj/Erth      12%        10d4      100%        8
 Maxwell's Capacitive Co  Air            2%         ∞         100%        8
 Death's Door             Necr           2%         N/A       100%        9
 Animate Armour           Summ/Erth      Unusable   N/A       N/A         4
 Dimensional Bullseye     Hex/Tloc       Unusable   N/A       N/A         4

Dungeon Overview and Level Annotations

Branches:
Dungeon (15/15)            Temple (1/1) D:5            Lair (5/5) D:10
  Swamp (4/4) Lair:2        Snake (4/4) Lair:3        Slime (0/5) Lair:4
    Orc (2/2) D:12            Elf (2/3) Orc:2        Vaults (4/5) D:13
  Crypt (0/3) Vaults:3     Depths (4/4) D:15            Zot (5/5) Depths:4
 Bailey (visited)           IceCv (visited)         Gauntlet (visited)

Altars:
Ashenzari
Cheibriados
Dithmenos
Elyvilon
Fedhas
Gozag
Hepliaklqana
Kikubaaqudgha
Makhleb
Nemelex Xobeh
Okawaru
Qazlal
Ru
Sif Muna
Trog
Uskayaw
Vehumet
Wu Jian
Xom
Yredelemnul
Zin
The Shining One

Shops:
D:1 (   D:10 *   Orc:2 *(?*(   Elf:1 [(=[   Snake:4 *   Vaults:1 ([*
Vaults:2 (   Depths:2 [(

Portals:
Hell: Depths:1 Depths:2 Depths:3 Depths:4
Abyss: D:13 Depths:2 Depths:3
Pandemonium: Depths:2
Ziggurat: Depths:4

Annotations:
D:2 1 runed translucent door, Crazy Yiuf
D:8 3 runed translucent doors, Shym's ghost, novice DsWn
D:9 Gastronok
D:13 2 transporters, Maratek's ghost, journeyman MiFi
Swamp:4 3 runed translucent doors, Zoigrime's ghost, adept FoFi
Snake:4 2 transporters, kae's ghost, adept HOFi
Orc:2 3 runed translucent doors, DEFE's ghost, journeyman DsFi
Elf:2 6 transporters
Zot:4 1 transporter


Innate Abilities, Weirdness & Mutations

You are a fearsome dragon!
You have a powerful clawing attack.
Your giant scaled body is strong and resilient, but less evasive.
You can breathe fire.
You are flying.
Your maximum health is greatly increased.
((You have sharp claws.))
((You have razor-sharp teeth.))
You have supernaturally acute eyesight. (SInv)
((You cover ground quickly. (Speed+)))
((Your thick and shaggy fur keeps you warm. (AC +3, rC+)))
((Your paws help you pounce on unaware monsters.))
You are incapable of wielding weapons or throwing items.
You cannot wear armour.
You gain extra lives every three experience levels.
((You have a pair of horns on your head.))
((You are completely covered in iridescent scales. (AC +6)))
((You are partially covered in large bone plates. (SH +4)))
You are very agile. (Dex +8, Str/Int -2)
Your mind is acute. (Int +4, Str/Dex -1)
((Your flesh is heat resistant. (rF+)))
You are strong-willed. (Will+)
You are somewhat resistant to further mutation.
You passively map a small area around you.
((Your system is resistant to poisons. (rPois)))
You are robust. (+10% HP)
Your muscles are very strong. (Str +8, Int/Dex -2)
Your spells are a little harder to cast, but a little more powerful.
You occasionally lose the ability to drink potions when taking damage.
You expend magic power (3 MP) to strengthen your wands.


Message History

a +0 robe; a +0 dagger
Things that are here:
a +0 robe; a +4 dagger You see here a +0 dagger.
There is a stone staircase leading up here.
You fly upwards.
Level annotation: 3 runed translucent doors, Shym's ghost, novice DsWn
There is a stone staircase leading down here.
There is a stone staircase leading up here.
You fly upwards.
There is a stone staircase leading down here.
There is a stone staircase leading up here.
You fly upwards.
There is a stone staircase leading down here. "Fight to survive, mortal."
You are now a plaything of Xom.
Unknown command.
The ufetubus slips past you! The ufetubus misses you.
The ufetubus completely misses you.
You barely miss the ufetubus.
You tail-slap the ufetubus, but do no damage.
The ufetubus completely misses you. x2
You maul the ufetubus!!!
You kill the ufetubus!
The ufetubus disappears in a puff of smoke!
No target in view!
Welcome back, Flugkiller the Felid Chaos Knight.
Xom snickers.
Press ? for a list of commands and other information.
Unknown command.
Unknown command.
What level of the Dungeon? (default 1, ? - help)
There is a stone staircase leading up here.
You fly upwards.
There is a stone staircase leading down here.
A golden eye comes into view.
The golden eye turns its gaze towards you.
The golden eye blinks at you. You resist with almost no effort.
A golden eye comes into view.
You bite the golden eye!!
You kill the golden eye!
You miss the golden eye.
A golden eye comes into view.
The golden eye blinks at you. You resist with almost no effort.
You closely miss the golden eye. Your bite misses the golden eye.
The golden eye blinks at you. You resist with almost no effort.
You bite the golden eye!!
You kill the golden eye!
The golden eye blinks!
A golden eye comes into view.
You maul the golden eye!!!
You kill the golden eye!
The golden eye blinks at you. You resist with almost no effort.
You maul the golden eye!!!!
You kill the golden eye!
No target in view!
There is a stone staircase leading up here.
You fly upwards.
There is a stone staircase leading down here.
Unknown command.
What level of the Dungeon? (default 1, ? - help)
There is a stone staircase leading up here.
You fly upwards.
There is a stone staircase leading down here.
Things that are here:
a +0 leather armour; a +0 club A cacodemon and an orange demon come into view.
The orange demon screeches!
The cacodemon gestures next to you.
Some rock shatters into small pieces.
The orange demon barely misses you. The orange demon completely misses you.
The cacodemon gestures at you. The bolt of energy misses you.
The orange demon stings you from afar! The cacodemon gestures at you.
You resist with almost no effort.
Some rock shatters into small pieces.
There is an escape hatch in the ceiling here.
A mysterious force pulls you upwards. The hatch slams shut behind you.
Level annotation: 1 runed translucent door, Crazy Yiuf What level of the Dungeon? (default 1, ? - help) HP restored.
There is a stone staircase leading up here.
You fly upwards.
There is a stone staircase leading down here.
You reach down and open the door.
There is an open door here.
An Egotibruum, a large abomination and a soul eater come into view.
Press: ? - help, v - describe, . - travel
Here: Egotibruum The floor.
The large abomination closely misses you.
The soul eater misses you.
There is a staircase leading out of the dungeon here.
Enter note: gg The soul eater hits you! You partially resist.
You feel drained.
You have escaped!

.#####.###### #+#....# #.[...
.#.....# #.####.# #.#.## .#.#####
#.# #.# #...# ...# #.# #.# ###.#
#### ##.## #.##### #.# .#
##...###.....# #.## .####
##..P..######.# #...
....#########...[3..#####.# #..#
###.#...'.....P.D&P.....+.####..#
# #...#######.....X.#####.......#
# ###.# ##..P..#####..#####.#
#.## ##...###.†.........# #..##
##.###..########### ##..####
#.###..# # ##....# #.##...# #
####.## #.##.#.# #
#..####'#..#.#######


You could see Egotibruum, a soul eater and a large abomination.

Vanquished Creatures
  3 juggernauts
  Vv (Zot:4)
  Vashnia (Snake:2)
  4 curse toes
  A caustic shrike (Depths:2)
  A profane servitor (Abyss:3)
  15 golden dragons
  A pearl dragon (Vaults:4)
  12 tentacled monstrosities
  A walking earthen tome (Depths:2)
  A Hell Sentinel (Abyss:3)
  Mlioglotl (Swamp:2)
  Asterion (Snake:2)
  8 Orb Guardians (Zot:5)
  5 quicksilver dragons
  A titan (Depths:2)
  A walking frostbound tome (Depths:2)
  2 sphinxes
  8 death cobs
  An Executioner (Zot:1)
  7 tentacled starspawn
  Kirke (Snake:1)
  2 thorn hunters (Abyss:4)
  9 storm dragons
  5 shadow dragons
  A daeva (Abyss:3)
  An azure jelly (Vaults:3)
  3 fire giants
  7 draconian monks
  6 nagarajas
  12 vault wardens
  An iron dragon (Depths:2)
  3 draconian scorchers
  6 draconian shifters
  An emperor scorpion (shapeshifter) (Depths:2)
  6 frost giants
  Louise (Swamp:2)
  A caustic shrike zombie (Depths:3)
  5 ghost moths
  10 draconian knights
  6 draconian annihilators
  2 orc warlords
  3 draconian stormcallers
  15 very ugly things
  5 ironbound thunderhulks
  A demonspawn blood saint (Zot:4)
  A spriggan defender (Depths:1)
  A reaper (Abyss:4)
  A juggernaut skeleton (Depths:3)
  9 stone giants
  2 formless jellyfish
  20 ironbound preservers
  A vampire knight (Depths:1)
  7 eleionomae
  10 green draconians
  8 dire elephants
  20 black draconians
  2 deep elf demonologists
  A spark wasp (shapeshifter) (Elf:1)
  6 spark wasps
  12 white draconians
  10 yellow draconians
  4 bunyips
  11 purple draconians
  11 red draconians
  5 ettins
  A blizzard demon (Abyss:3)
  6 crystal guardians
  A green death (Zot:2)
  A deep elf death mage (Elf:1)
  3 great orbs of eyes
  An entropy weaver (Vaults:1)
  3 jiangshi (Depths:4)
  A merfolk impaler (Depths:1)
  5 fire dragons
  Josephine (D:11)
  7 ice dragons
  10 vault guards
  11 yaktaur captains
  7 peacekeepers
  A radroach (shapeshifter) (Depths:1)
  3 ogre magi
  4 spriggan air magi
  7 alligators
  7 anacondas
  A merfolk avatar (Lair:5)
  5 salamander tyrants
  7 boulder beetles
  5 rakshasas
  23 hydras
  A catoblepas (D:14)
  5 centaur warriors
  3 death knights
  2 ghost crabs
  Erica (D:9)
  A sphinx skeleton (Vaults:1)
  8 ironbound frosthearts
  A satyr (Abyss:4)
  12 naga warriors
  13 two-headed ogres
  2 tengu warriors
  2 vampire magi
  7 deep troll earth magi
  5 deep troll shamans
  22 dancing weapons
  11 death yaks
  9 shock serpents
  3 thrashing horrors (Abyss:4)
  10 spriggan berserkers
  12 deep elf knights
  16 naga sharpshooters
  A sun demon (Abyss:3)
  3 skysharks
  Nergalle (D:12)
  7 iron trolls
  A skyshark (shapeshifter) (Depths:2)
  7 wretched stars
  5 hell knights
  5 goliath frogs
  A sixfirhy (Abyss:3)
  13 sea snakes
  63 deep trolls
  3 skeletal warriors
  10 salamander mystics
  A shadow wraith (Vaults:3)
  A death drake (Swamp:3)
  9 naga ritualists
  2 arcanists
  6 spriggan druids
  A spriggan simulacrum (Abyss:4)
  5 swamp dragons
  A flayed ghost (Abyss:3)
  A tengu zombie (Vaults:1)
  6 glowing orange brains
  2 occultists
  2 bog bodies
  4 deep elf archers (Elf:2)
  10 lindwurms
  An orange crystal statue (IceCv)
  Pikel (D:4)
  2 shadow dragon zombies
  8 necromancers
  2 orc knights
  4 harpies
  17 deep elf pyromancers
  3 phantasmal warriors
  33 ugly things
  12 deep elf zephyrmancers
  15 mana vipers
  16 ironbound convokers
  5 will-o-the-wisps
  A shining eye (shapeshifter) (Depths:2)
  31 salamanders
  6 orc sorcerers
  A cyclops (shapeshifter) (Vaults:2)
  7 manticores
  2 worldbinders
  7 cyclopes
  A salamander (shapeshifter) (Vaults:3)
  13 vault sentinels
  An elephant (Lair:5)
  43 black mambas
  19 naga magi
  16 moths of wrath
  2 frost giant skeletons
  4 smoke demons (Abyss:3)
  A moth of wrath (shapeshifter) (Depths:2)
  5 torpor snails
  An apocalypse crab (Abyss:4)
  An eye of devastation (Swamp:4)
  A nameless horror (Zot:4)
  Joseph (D:9)
  2 guardian serpents
  A rust devil (Abyss:3)
  18 cane toads
  A molten gargoyle (Depths:4)
  An elephant (shapeshifter) (Elf:2)
  5 storm dragon simulacra (IceCv)
  4 rime drakes
  11 komodo dragons
  31 yaktaurs
  2 efreet (Abyss:3)
  2 kobold demonologists (D:12)
  2 freezing wraiths
  3 tormentors
  A yaktaur (shapeshifter) (Snake:4)
  A tengu conjurer (D:13)
  5 golden dragon simulacra (IceCv)
  3 trolls
  A meliai (shapeshifter) (Lair:1)
  3 hellwings (Abyss:3)
  3 ancient zymes
  3 meliai (D:15)
  A queen bee (D:9)
  A troll (shapeshifter) (Lair:1)
  5 hornets
  7 polar bears
  A tarantella (Lair:3)
  7 tyrant leeches
  21 blink frogs
  2 raiju
  14 dream sheep
  23 slime creatures
  4 vampires
  3 air elementals (Elf:1)
  A shadow (Abyss:3)
  8 wraiths
  6 ynoxinuls (Abyss:3)
  12 starcursed masses
  A yak (shapeshifter) (Elf:1)
  9 water elementals
  5 spriggans
  6 wyverns
  63 yaks
  2 fire bats
  A basilisk (shapeshifter) (D:14)
  5 golden eyes
  3 steam dragons
  6 basilisks
  A neqoxec (Abyss:4)
  2 fire elementals (Elf:1)
  A redback (Vaults:1)
  A steam dragon (shapeshifter) (Depths:2)
  An elf simulacrum (Vaults:1)
  12 vampire mosquitoes
  5 chaos spawn
  2 wargs
  14 large abominations
  An ogre zombie (Vaults:1)
  62 nagas
  14 swamp worms
  Edmund (D:5)
  2 acid dragons (D:12)
  26 water moccasins
  Duvessa (D:7)
  A floating eye (Swamp:4)
  7 swamp drakes
  41 orc warriors
  5 black bears
  An ice beast (D:6)
  5 ice dragon simulacra (IceCv)
  A sky beast (Lair:4)
  7 ogres
  12 small abominations
  A boggart (Vaults:2)
  20 wolves
  13 centaurs
  A lemure (D:4)
  2 phantoms
  A kobold brigand (D:12)
  14 bullfrogs
  3 gnoll sergeants
  2 scorpions
  3 earth elementals (Elf:1)
  Dowan (D:7)
  2 lindwurm simulacra (IceCv)
  33 killer bees
  An electric eel (Snake:2)
  3 jellies
  3 howler monkeys
  A quasit (Abyss:3)
  6 hounds
  14 orc priests
  A gnoll bouda (Bailey)
  A sleepcap (D:7)
  6 iguanas
  Terence (D:3)
  Natasha (thrice) (D:3)
  23 orc wizards
  Robin (D:3)
  7 gnolls
  8 adders
  A shadow imp (D:7)
  A white imp (Abyss:3)
  2 worms
  4 dart slugs
  75 orcs
  5 ball pythons
  11 bats
  4 endoplasms
  3 giant cockroaches
  21 goblins
  13 hobgoblins
  3 jackals (D:1)
  6 quokkas
  4 frilled lizards
  14 kobolds
  5 rats
  A spectral goblin (D:8)
  2 starspawn tentacles (Abyss:3)
1948 creatures vanquished.

Vanquished Creatures (collateral kills)
  2 tentacled monstrosities (Zot:2)
  A draconian scorcher (Zot:2)
  A vault warden (Vaults:1)
  An ironbound preserver (Vaults:4)
  A black draconian (Zot:4)
  A yellow draconian (Depths:4)
  A boulder beetle (D:11)
  A hydra (Swamp:4)
  An anaconda (Snake:4)
  A naga warrior (Snake:3)
  A two-headed ogre (D:10)
  2 dancing weapons (Elf:2)
  2 spriggan berserkers (Depths:4)
  A golden dragon zombie (Depths:2)
  A death drake (Swamp:4)
  A bog body (Swamp:2)
  A necromancer (Vaults:4)
  A deep elf pyromancer (Elf:2)
  A deep elf zephyrmancer (Elf:2)
  A moth of wrath (Zot:2)
  A storm dragon simulacrum (IceCv)
  A gargoyle (D:11)
  A komodo dragon (Lair:5)
  A rime drake (Lair:2)
  2 tyrant leeches
  A shadow (D:11)
  A steam dragon (Lair:5)
  4 yaks
  A basilisk (D:11)
  3 nagas (Snake:3)
  A water moccasin (Lair:1)
  4 orc warriors (Orc:2)
  3 ice dragon simulacra (IceCv)
  3 centaurs (Orc:2)
  A bullfrog (Lair:2)
  An orc priest (Orc:2)
  A white imp (Abyss:4)
  2 orcs (Orc:2)
55 creatures vanquished.

Vanquished Creatures (others)
  A tentacled starspawn (Abyss:4)
  A vault warden (Vaults:1)
  A yellow draconian (Zot:1)
  An ice dragon (Depths:4)
  A deep troll shaman (Depths:2)
  A naga warrior (Snake:2)
  4 dancing weapons
  A deep elf knight (Elf:2)
  A goliath frog (Swamp:2)
  An ugly thing (D:15)
  A komodo dragon (Lair:2)
  A bloated husk (Swamp:2)
  A wraith (D:11)
  2 starcursed masses
  2 nagas
  A water moccasin (Lair:2)
  An orc warrior (Orc:2)
  A small abomination (Abyss:4)
  An orc (D:12)
  20 foxfires
  A lurking horror (Abyss:4)
  9 starspawn tentacles
54 creatures vanquished.

Grand Total: 2057 creatures vanquished

Notes
Turn   | Place    | Note
-------+----------+-------------------------------------------
     0 | D:1      | Flugkiller the Felid Chaos Knight began the quest for the
                  | Orb.
     0 | D:1      | Reached XP level 1. HP: 10/10 MP: 2/2
    13 | D:1      | Found Suegept's Antique Weapon Emporium.
    19 | D:1      | XOM: silly message
    80 | D:1      | Reached skill level 1 in Stealth
   216 | D:1      | XOM: butterfly on damage
   218 | D:1      | Reached XP level 2. HP: 10/14 MP: 3/3
   319 | D:1      | XOM: butterfly on damage
   388 | D:1      | XOM: potion effect (might)
   744 | D:2      | XOM: smoke on damage
   754 | D:2      | Reached XP level 3. HP: 4/17 MP: 4/4
   891 | D:2      | Found a runed translucent door.
   892 | D:2      | Noticed Crazy Yiuf
  1025 | D:2      | XOM: silly message
  1195 | D:2      | XOM: divination: detect creatures
  1639 | D:2      | Learned a level 2 spell: Blink
  1746 | D:3      | Found the ring of the Tortoise {AC+8}
  1746 | D:3      | XOM: 9-stop teleportation journey
  1798 | D:3      | XOM: divination: detect creatures
  1840 | D:3      | Reached XP level 4. HP: 18/21 MP: 5/5
  1872 | D:3      | XOM: cloud trail
  1892 | D:3      | Reached skill level 1 in Translocations
  1970 | D:3      | Noticed Robin
  2027 | D:3      | XOM: cleaving
  2028 | D:3      | XOM: cleaving
  2115 | D:3      | XOM: butterfly on damage
  2117 | D:3      | Killed Robin
  2163 | D:3      | Reached skill level 1 in Spellcasting
  2313 | D:3      | Noticed Natasha
  2314 | D:3      | Noticed Terence
  2401 | D:3      | Killed Natasha
  2402 | D:3      | Reached skill level 5 in Unarmed Combat
  2402 | D:3      | Reached XP level 5. HP: 19/24 MP: 7/7
  2442 | D:3      | Killed Terence
  2542 | D:3      | Noticed Natasha
  2549 | D:3      | Killed Natasha
  2660 | D:3      | Noticed Natasha
  2666 | D:3      | Killed Natasha
  2667 | D:3      | Reached skill level 5 in Dodging
  2849 | D:4      | XOM: 1-stop teleportation journey
  2854 | D:4      | XOM is BORED!
  2854 | D:4      | XOM: swap monsters
  2855 | D:4      | XOM: noise
  3024 | D:4      | XOM: noise
  3062 | D:4      | Gained mutation: You are covered in thick fur. (AC +2)
                  | [Felid growth]
  3062 | D:4      | Reached XP level 6. HP: 28/28 MP: 8/8
  3088 | D:4      | XOM: polymorph orc -> gnoll
  3144 | D:4      | You fall into a shaft and drop 3 floors!
  3337 | D:6      | XOM: cleaving
  3348 | D:6      | XOM: swap monsters
  3352 | D:6      | Reached XP level 7. HP: 31/31 MP: 9/9
  3372 | D:5      | Entered Level 5 of the Dungeon
  3383 | D:5      | Found a staircase to the Ecumenical Temple.
  3393 | Temple   | Entered the Ecumenical Temple
  3412 | D:5      | Noticed Edmund
  3420 | D:5      | XOM: 2-stop teleportation journey
  3542 | D:4      | XOM: enchant monster (bad)
  3543 | D:4      | XOM: noise
  3554 | D:4      | XOM: give mutations
  3554 | D:4      | Gained mutation: You are weak. (Str -2) [Xom's mischief]
  3554 | D:4      | Gained mutation: You are robust. (+10% HP) [Xom's mischief]
  3554 | D:4      | Gained mutation: A frigid envelope surrounds you and
                  | freezes all who hurt you. [Xom's mischief]
  3677 | D:4      | XOM: silly message
  3677 | D:4      | Noticed Pikel
  3685 | D:4      | Reached skill level 5 in Evocations
  3743 | D:4      | XOM: confusion (+ monsters)
  3753 | D:4      | XOM: divination: detect creatures
  3758 | D:4      | XOM: confuse monster(s)
  3766 | D:4      | Killed Pikel
  3767 | D:4      | Reached skill level 1 in Shapeshifting
  3785 | D:4      | XOM: chaos upgrade
  3808 | D:4      | Reached XP level 8. HP: 36/39 MP: 10/10
  3927 | D:4      | Found a broken altar of Ashenzari.
  3978 | D:4      | XOM: destruction
  4232 | D:5      | XOM: 5-stop teleportation journey
  4387 | D:5      | Found a hide-covered altar of Uskayaw.
  4388 | D:5      | XOM: confusion
  4843 | D:5      | XOM: summons 2 hostile demons
  4856 | D:5      | XOM: smoke on damage
  4865 | D:5      | XOM: silly message
  4910 | D:5      | XOM: silly message
  4944 | D:5      | XOM: fog
  5090 | D:5      | Killed Edmund
  5483 | D:6      | XOM: enchant monster (bad)
  5491 | D:6      | XOM: enchant monster (bad)
  5493 | D:6      | XOM: cast spell 'Leda's Liquefaction'
  5495 | D:6      | XOM: fake destruction
  5496 | D:6      | XOM: enchant monster (good)
  5501 | D:6      | XOM: 2-stop teleportation journey
  5533 | D:6      | XOM: give mutations
  5533 | D:6      | Gained mutation: You have a pair of small antennae on your
                  | head. [Xom's mischief]
  5533 | D:6      | Gained mutation: Your body sometimes deteriorates upon
                  | taking damage. [Xom's mischief]
  5533 | D:6      | Gained mutation: You have hidden genetic potential. [Xom's
                  | mischief]
  5533 | D:6      | Gained mutation: Your mind is acute. (Int +4, Str/Dex -1)
                  | [Xom's mischief]
  5781 | D:6      | XOM: give mutations
  5781 | D:6      | Lost mutation: You are weak. (Str -2) [Xom's mischief]
  5781 | D:6      | Gained mutation: You possess an exceptional clarity of
                  | mind. [Xom's mischief]
  5781 | D:6      | Lost mutation: A frigid envelope surrounds you and freezes
                  | all who hurt you. [Xom's mischief]
  5781 | D:6      | Gained mutation: You are weak. (Str -2) [Xom's mischief]
  5793 | D:6      | Learned a level 2 spell: Wereblood
  5802 | D:6      | XOM: polymorph kobold brigand -> scorpion
  5810 | D:6      | Reached XP level 9. HP: 42/42 MP: 11/11
  5973 | D:7      | Noticed Dowan
  5974 | D:7      | Noticed Duvessa
  6063 | D:7      | Killed Duvessa
  6117 | D:7      | Killed Dowan
  6118 | D:7      | Reached skill level 5 in Shapeshifting
  6134 | D:6      | Identified a scroll of acquirement
  6137 | D:6      | Acquired the ring of the Raven {Will+ Dex+2 Slay+4}
  6296 | D:7      | XOM: stat loss: -1 Str (8/9)
  6589 | D:8      | Found a flagged portal.
  6615 | Bailey   | Entered a bailey
  6616 | Bailey   | XOM: confuse monster(s)
  6640 | Bailey   | XOM: 1-stop teleportation journey
  6642 | Bailey   | XOM: polymorph gnoll bouda -> iguana
  6646 | Bailey   | XOM: enchant monster (bad)
  6646 | Bailey   | HP: 2/42 [gnoll sergeant/+0 glaive (7)]
  6670 | Bailey   | XOM: give mutations
  6670 | Bailey   | Lost mutation: You are robust. (+10% HP) [Xom's mischief]
  6670 | Bailey   | Gained mutation: You have a somewhat thin skeletal
                  | structure. (Dex +2, Stealth+) [Xom's mischief]
  6670 | Bailey   | Lost mutation: You have hidden genetic potential. [Xom's
                  | mischief]
  6670 | Bailey   | Gained mutation: A frigid envelope surrounds you and
                  | freezes all who hurt you. [Xom's mischief]
  6841 | D:8      | XOM: noise
  6884 | D:8      | Found a hazy altar of Hepliaklqana.
  6908 | D:8      | XOM: 2-stop teleportation journey
  6955 | D:8      | XOM: noise
  7033 | D:8      | Found a runed translucent gate.
  7034 | D:8      | Found a runed translucent gate.
  7035 | D:8      | Found a runed translucent gate.
  7035 | D:8      | Noticed an 11-headed hydra
  7047 | D:8      | Noticed Shym's ghost (novice DsWn)
  7058 | D:8      | Noticed a nine-headed hydra
  7115 | D:8      | XOM: 3-stop teleportation journey
  7603 | D:9      | XOM: stealth player
  7752 | D:9      | Noticed Erica
  7777 | D:9      | XOM: enchant monster (good)
  7788 | D:9      | XOM: potion effect (invisibility)
  7823 | D:9      | Killed Erica
  7824 | D:9      | Reached XP level 10. HP: 42/42 MP: 12/12
  7888 | D:9      | Noticed Gastronok
  8068 | D:9      | XOM: divination: detect creatures
  8075 | D:9      | XOM: enchant monster (good)
  8200 | D:9      | Noticed Joseph
  8210 | D:9      | HP: 2/42 [Joseph/sling bullet (12)]
  8211 | D:9      | Killed Joseph
  8224 | D:10     | Entered Level 10 of the Dungeon
  8607 | D:9      | Reached skill level 10 in Shapeshifting
  8614 | D:9      | XOM: enchant monster (good)
  8715 | D:9      | XOM: cloud trail
  8812 | D:9      | XOM: cast spell 'Leda's Liquefaction'
  8839 | D:9      | XOM: god gift: scroll labelled JOTACU ZEUNURO {god gift}
  9041 | D:9      | Gastronok changed into Gastronok the formless jellyfish
  9041 | D:9      | Noticed Gastronok
  9041 | D:9      | XOM: polymorph Gastronok -> Gastronok the formless
                  | jellyfish
  9044 | D:9      | Paralysed by Gastronok for 1 turns
  9045 | D:9      | HP: 2/43 [Gastronok the formless jellyfish (19)]
  9045 | D:9      | Constricted to death by Gastronok the formless jellyfish
  9113 | D:10     | Noticed a two-headed ogre
  9116 | D:10     | Killed a two-headed ogre
  9117 | D:10     | Reached skill level 5 in Fighting
  9188 | D:10     | Noticed a two-headed ogre
  9189 | D:10     | XOM: blink monster(s)
  9199 | D:10     | Killed a two-headed ogre
  9239 | D:10     | Found a staircase to the Lair.
  9245 | D:10     | XOM: divination: magic mapping
  9264 | D:10     | XOM: cast spell 'Summon Small Mammal'
  9275 | D:10     | Reached XP level 11. HP: 48/48 MP: 13/13
  9282 | D:10     | Noticed a death yak
  9286 | D:10     | Noticed a death yak
  9290 | D:10     | Noticed a death yak
  9306 | D:10     | XOM: enchant monster (good)
  9423 | D:10     | Killed a death yak
  9424 | D:10     | Reached skill level 10 in Dodging
  9523 | D:10     | Noticed a two-headed ogre
  9524 | D:10     | XOM: summons 11 friendly demons
  9533 | D:10     | Killed a two-headed ogre
  9583 | D:10     | XOM: blink monster(s)
  9604 | D:10     | XOM: confuse monster(s)
  9697 | D:10     | XOM: divine lightning
  9706 | D:10     | Killed a death yak
  9787 | D:10     | XOM: god gift: 3 boomerangs
 10020 | D:10     | XOM: summons friendly crimson imp
 10041 | D:10     | XOM: summons friendly quasit
 10060 | D:10     | Found Ea-nāṣir's Fine Metal Goods.
 10159 | D:10     | XOM: fog
 10166 | D:10     | Killed a death yak
 10168 | D:10     | XOM: cast spell 'Disjunction'
 10175 | D:10     | XOM: give mutation
 10175 | D:10     | Gained mutation: You have a pair of antennae on your head.
                  | [Xom's grace]
 10179 | D:10     | XOM: scenery: create altars
 10182 | D:10     | Reached skill level 10 in Unarmed Combat
 10315 | D:10     | Found a sparkling altar of Nemelex Xobeh.
 10316 | D:10     | Found a shadowy altar of Dithmenos.
 10376 | D:11     | XOM: potion effect (attraction)
 10486 | D:11     | Noticed Josephine
 10496 | D:11     | XOM: god gift: wand of light (5)
 10562 | D:11     | Noticed a brown ugly thing
 10562 | D:11     | Noticed a brown ugly thing
 10564 | D:11     | XOM: confuse monster(s)
 10577 | D:11     | XOM: 6-stop teleportation journey
 10781 | D:10     | XOM: summons 4 hostile shadow creatures
 10782 | D:10     | Noticed a purple ugly thing
 11087 | D:11     | Killed Josephine
 11088 | D:11     | XOM: divine lightning
 11149 | D:11     | XOM: swap monsters
 11293 | D:11     | Noticed a boulder beetle
 11310 | D:11     | Killed a boulder beetle
 11409 | D:11     | Killed a purple ugly thing
 11410 | D:11     | Gained mutation: Your thick and shaggy fur keeps you warm.
                  | (AC +3, rC+) [Felid growth]
 11410 | D:11     | Reached XP level 12. HP: 55/55 MP: 14/14
 11721 | Lair:1   | Entered Level 1 of the Lair of Beasts
 11729 | Lair:1   | Noticed a death yak
 11729 | Lair:1   | Noticed a death yak
 11729 | Lair:1   | Noticed a death yak
 11729 | Lair:1   | Noticed a death yak
 11729 | Lair:1   | Noticed a death yak
 11747 | Lair:1   | a death yak changed into a four-headed hydra
 11747 | Lair:1   | Noticed a four-headed hydra
 11747 | Lair:1   | XOM: polymorph death yak -> four-headed hydra
 11753 | Lair:1   | Killed a four-headed hydra
 11757 | Lair:1   | Killed a death yak
 11763 | Lair:1   | Killed a death yak
 11769 | Lair:1   | XOM: fog
 11776 | Lair:1   | XOM: divination: magic mapping
 11785 | Lair:1   | XOM: summons friendly crimson imp
 11888 | Lair:1   | a death yak changed into a shapeshifter
 11888 | Lair:1   | XOM: polymorph death yak -> shapeshifter
 11891 | Lair:1   | XOM: summons friendly white imp
 11903 | Lair:1   | XOM: summons 2 hostile shadow creatures
 11970 | Lair:1   | XOM: destruction
 11993 | Lair:1   | XOM: divination: detect creatures
 11999 | Lair:1   | XOM: polymorph blink frog -> shapeshifter
 12123 | Lair:1   | XOM: repel stairs
 12139 | Lair:1   | XOM: 7-stop teleportation journey
 12180 | Lair:1   | XOM: cleaving
 12227 | Lair:1   | XOM: summons friendly shadow imp
 12302 | Lair:1   | XOM: god gift: +2 quick blade of chaos
 12303 | Lair:1   | XOM: polymorph water moccasin -> fire bat
 12438 | Lair:1   | Killed a death yak
 12568 | Lair:1   | Noticed Sonja
 12569 | Lair:1   | Sonja changed into Sonja the worm
 12569 | Lair:1   | Noticed Sonja
 12579 | Lair:1   | Killed Sonja the worm
 13410 | Lair:2   | XOM: cleaving
 13436 | Lair:2   | XOM: divination: magic mapping
 13577 | Lair:2   | Reached XP level 13. HP: 58/58 MP: 15/15
 13647 | Lair:2   | XOM: confuse monster(s)
 13741 | Lair:2   | XOM: fake destruction
 13746 | Lair:2   | XOM: summons 5 friendly demons
 13879 | Lair:2   | XOM: divine lightning
 13948 | Lair:2   | XOM: god gift: book of Sloth
 14092 | Lair:2   | XOM: enchant monster (good)
 14460 | Lair:2   | XOM: silly message
 14465 | Lair:2   | Found a staircase to the Swamp.
 14549 | Lair:2   | XOM: cast spell 'Summon Small Mammal'
 14781 | Lair:2   | XOM: stat loss: -1 Dex (18/19)
 15106 | Lair:3   | XOM: blink monster(s)
 15112 | Lair:3   | XOM: noise
 15115 | Lair:3   | XOM: draining
 15176 | Lair:2   | XOM: summons friendly quasit
 15198 | Lair:2   | XOM: polymorph quasit -> shadow imp
 15256 | Lair:3   | Found a staircase to the Snake Pit.
 15264 | Lair:3   | XOM: noise
 15534 | Lair:3   | XOM: cast spell 'Monstrous Menagerie'
 15675 | Lair:3   | XOM: polymorph rime drake -> golden eye
 15779 | Lair:3   | XOM: 1-stop teleportation journey
 15877 | Lair:3   | XOM: smoke on damage
 15877 | Lair:3   | XOM: torment (34/60 hp)
 15887 | Lair:3   | XOM: give mutations
 15887 | Lair:3   | Lost mutation: You possess an exceptional clarity of mind.
                  | [Xom's mischief]
 15887 | Lair:3   | Gained mutation: You occasionally lose the ability to drink
                  | potions when taking damage. [Xom's mischief]
 15887 | Lair:3   | Lost mutation: You occasionally lose the ability to drink
                  | potions when taking damage. [Xom's mischief]
 15887 | Lair:3   | Lost mutation: You are weak. (Str -2) [Xom's mischief]
 15898 | Lair:3   | XOM: confusion
 15947 | Lair:3   | XOM: 4-stop teleportation journey
 16186 | Lair:3   | XOM: polymorph yak -> tarantella
 16196 | Lair:3   | XOM: polymorph yak -> black mamba
 16240 | Lair:3   | XOM: fog
 16250 | Lair:3   | XOM: polymorph yak -> spriggan
 16269 | Lair:3   | XOM: summons friendly white imp
 16281 | Lair:3   | XOM: summons 4 friendly demons
 16289 | Lair:3   | XOM: confuse monster(s)
 16320 | Lair:3   | XOM: scenery: summon butterflies
 16330 | Lair:3   | XOM: cast spell 'Disjunction'
 16340 | Lair:3   | XOM: cleaving
 16535 | Lair:3   | XOM: give mutations
 16535 | Lair:3   | Gained mutation: Your flesh is heat resistant. (rF+) [Xom's
                  | grace]
 16535 | Lair:3   | Gained mutation: You are partially covered in iridescent
                  | scales. (AC +2) [Xom's grace]
 16535 | Lair:3   | Gained mutation: Your mind is very acute. (Int +8, Str/Dex
                  | -2) [Xom's grace]
 16683 | Lair:4   | Found a gate leading to a gauntlet.
 16692 | Gauntlet | Entered a Gauntlet
 16692 | Gauntlet | Found a transporter.
 16692 | Gauntlet | Found a runed translucent door.
 16692 | Gauntlet | Found a transporter.
 16698 | Gauntlet | Found a transporter.
 16710 | Gauntlet | Found a transporter.
 16728 | Gauntlet | Found a transporter.
 16728 | Gauntlet | Found a transporter.
 16728 | Gauntlet | Found a transporter.
 16730 | Gauntlet | Found a transporter.
 16730 | Gauntlet | Found a transporter.
 16750 | Gauntlet | Found a transporter.
 16758 | Gauntlet | Found a transporter.
 16768 | Gauntlet | Found a transporter.
 16773 | Gauntlet | Found a transporter.
 16807 | Gauntlet | Found a transporter.
 16815 | Gauntlet | Found a runed translucent door.
 16920 | Lair:4   | Reached XP level 14. HP: 65/65 MP: 16/16
 16958 | Lair:4   | XOM: enchant monster (bad)
 17124 | Lair:4   | XOM: silly message
 17303 | Lair:4   | Reached skill level 10 in Fighting
 17469 | Lair:4   | Found a stormy altar of Qazlal.
 17646 | Lair:4   | XOM: summons friendly shadow imp
 17653 | Lair:4   | XOM: noise
 17804 | Lair:4   | XOM: god gift: scroll labelled AQIOCACSUU {god gift}
 17812 | Lair:4   | XOM: summons 11 friendly demons
 17836 | Lair:4   | XOM: swap monsters
 17838 | Lair:4   | XOM: enchant monster (bad)
 17855 | Lair:4   | XOM: summons friendly iron imp
 17859 | Lair:4   | XOM: enchant monster (bad)
 18015 | Lair:4   | XOM: swap monsters
 18077 | Lair:4   | Found a staircase to the Slime Pits.
 18227 | Lair:4   | XOM: summons 3 friendly demons
 18228 | Lair:4   | XOM: noise
 18240 | Lair:4   | XOM: silly message
 18332 | Lair:5   | Entered Level 5 of the Lair of Beasts
 18390 | Lair:4   | XOM: confusion (+ monsters)
 18425 | Lair:4   | XOM: cast spell 'Summon Hydra'
 18440 | Lair:4   | XOM: summons 2 hostile demons
 18444 | Lair:4   | XOM: repel stairs
 18453 | Lair:4   | Reached skill level 15 in Dodging
 18530 | Lair:5   | XOM: 1-stop teleportation journey
 18532 | Lair:5   | XOM: silly message
 18592 | Lair:5   | XOM: polymorph elephant -> harpy
 18647 | Lair:5   | XOM: confusion (+ monsters)
 18648 | Lair:5   | XOM: summons friendly crimson imp
 18658 | Lair:5   | XOM: 2-stop teleportation journey
 18835 | Lair:5   | XOM: blink monster(s)
 18915 | Lair:5   | XOM: enchant monster (good)
 18918 | Lair:5   | XOM: scenery: summon butterflies
 18937 | Lair:5   | Reached skill level 15 in Unarmed Combat
 19166 | Lair:5   | XOM: silly message
 19188 | Lair:5   | XOM: potion effect (invisibility)
 19279 | Lair:5   | XOM: noise
 19290 | Lair:5   | XOM: enchant monster (good)
 19521 | Lair:5   | XOM: confuse monster(s)
 19917 | Lair:5   | XOM: silly message
 20213 | D:12     | Noticed Nergalle
 20225 | D:12     | Killed Nergalle
 20306 | D:12     | XOM: cloud trail
 20389 | D:12     | XOM: silly message
 20418 | D:12     | XOM: divination: magic mapping
 20448 | D:12     | Found a staircase to the Orcish Mines.
 20544 | D:12     | XOM: confuse monster(s)
 20548 | D:12     | XOM: confuse monster(s)
 20634 | D:12     | XOM: summons friendly shadow imp
 20698 | D:12     | XOM: cast spell 'Metabolic Englaciation'
 20783 | D:12     | Reached XP level 15. HP: 41/69 MP: 10/17
 20855 | D:12     | XOM: cloud trail
 20966 | D:12     | XOM: summons friendly white imp
 20989 | D:12     | XOM: cleaving
 21120 | D:12     | XOM: scenery: summon butterflies
 21259 | D:12     | XOM: noise
 21450 | D:12     | XOM: god gift: 5 stones
 21610 | D:13     | XOM: 5-stop teleportation journey
 21657 | D:13     | XOM: destruction
 21658 | D:13     | XOM: summons friendly iron imp
 21709 | D:13     | Found a transporter.
 21712 | D:13     | Found a one-way gate to the infinite horrors of the Abyss.
 21712 | D:13     | Noticed Maratek's ghost (journeyman MiFi)
 21749 | D:13     | XOM: enchant monster (bad)
 21784 | D:13     | XOM: summons 2 friendly demons
 21787 | D:13     | XOM: summons 8 hostile demons
 21789 | D:13     | XOM: enchant monster (bad)
 21797 | D:13     | XOM: summons 1 hostile demon
 21801 | D:13     | XOM: give mutation
 21801 | D:13     | Lost mutation: You have a somewhat thin skeletal structure.
                  | (Dex +2, Stealth+) [Xom's mischief]
 21840 | D:13     | XOM: chaos cloud
 21964 | D:12     | XOM: give mutations
 21964 | D:12     | Gained mutation: Your magical capacity is low. (-10% MP)
                  | [Xom's mischief]
 21964 | D:12     | Lost mutation: A frigid envelope surrounds you and freezes
                  | all who hurt you. [Xom's mischief]
 22027 | D:13     | Noticed a daeva
 22057 | D:13     | Found a gate to the Vaults.
 22098 | D:13     | XOM: enchant monster (bad)
 22318 | D:13     | Found a transporter.
 22404 | D:13     | XOM: give mutations
 22404 | D:13     | Gained mutation: You occasionally shout uncontrollably at
                  | your foes. [Xom's mischief]
 22404 | D:13     | Lost mutation: Your body sometimes deteriorates upon taking
                  | damage. [Xom's mischief]
 22404 | D:13     | Lost mutation: Your magical capacity is low. (-10% MP)
                  | [Xom's mischief]
 22404 | D:13     | Gained mutation: You possess an exceptional clarity of
                  | mind. [Xom's mischief]
 22486 | D:13     | XOM: blink monster(s)
 22515 | D:13     | Learned a level 5 spell: Irradiate
 22669 | D:14     | XOM: stealth player
 22724 | D:14     | XOM: give mutation
 22724 | D:14     | Lost mutation: Your mind is very acute. (Int +8, Str/Dex
                  | -2) [Xom's mischief]
 22775 | D:14     | Reached skill level 1 in Transmutations
 22800 | D:14     | XOM: polymorph green ugly thing -> white ugly thing
 22805 | D:14     | XOM: blink monster(s)
 22813 | D:14     | XOM: enchant monster (bad)
 22820 | D:14     | XOM: 2-stop teleportation journey
 22829 | D:14     | Reached skill level 1 in Conjurations
 23004 | D:14     | Found a glowing golden altar of the Shining One.
 23024 | D:14     | XOM: swap monsters
 23033 | D:14     | Found a frozen archway.
 23046 | IceCv    | Entered an ice cave
 23046 | IceCv    | XOM: swap monsters
 23055 | IceCv    | XOM: give mutations
 23055 | IceCv    | Lost mutation: You occasionally shout uncontrollably at
                  | your foes. [Xom's mischief]
 23055 | IceCv    | Lost mutation: You possess an exceptional clarity of mind.
                  | [Xom's mischief]
 23126 | IceCv    | Noticed a white draconian knight
 23126 | IceCv    | XOM: 1-stop teleportation journey
 23131 | IceCv    | Killed a white draconian knight
 23158 | IceCv    | Identified the ring of Ojat {Drain rC+++ EV+5 Dex+4 Stlth+}
 23158 | IceCv    | XOM: give mutations
 23158 | IceCv    | Gained mutation: Your mind is very acute. (Int +8, Str/Dex
                  | -2) [Xom's grace]
 23158 | IceCv    | Gained mutation: You have an increased reservoir of magic.
                  | (+10% MP) [Xom's grace]
 23255 | IceCv    | XOM: summons 2 friendly demons
 23287 | IceCv    | XOM: confuse monster(s)
 23298 | IceCv    | XOM: summons 1 hostile demon
 23346 | IceCv    | XOM: confuse monster(s)
 23584 | IceCv    | Identified the +1 pair of boots of Resourcefulness {rElec
                  | rPois rN++ Str-2}
 23585 | IceCv    | XOM: potion effect (haste)
 23589 | IceCv    | XOM: swap monsters
 23755 | D:14     | XOM: torment (46/72 hp)
 23905 | D:14     | XOM: stat loss: -1 Str (9/10)
 23951 | D:14     | XOM: blink monster(s)
 23963 | D:14     | XOM: stat loss: -1 Int (22/23)
 24288 | D:15     | Entered Level 15 of the Dungeon
 24310 | D:15     | XOM: silly message
 24550 | D:15     | XOM: silly message
 24556 | D:15     | XOM: fog
 24558 | D:15     | XOM: noise
 24575 | D:15     | Paralysed by an ogre mage for 4 turns
 24579 | D:15     | XOM: summons 2 friendly demons
 24591 | D:15     | Reached skill level 5 in Transmutations
 24597 | D:15     | XOM: swap monsters
 24751 | D:15     | Reached XP level 16. HP: 70/76 MP: 24/26
 24836 | D:15     | XOM: give mutation
 24836 | D:15     | Lost mutation: Your mind is very acute. (Int +8, Str/Dex
                  | -2) [Xom's mischief]
 24844 | D:15     | XOM: silly message
 24847 | D:15     | XOM: 2-stop teleportation journey
 24875 | D:15     | XOM: silly message
 24895 | D:15     | Reached skill level 5 in Spellcasting
 24998 | D:15     | XOM: 4-stop teleportation journey
 25014 | D:15     | XOM: summons 4 hostile shadow creatures
 25136 | D:14     | XOM: summons 5 hostile demons
 25318 | D:15     | Reached skill level 5 in Conjurations
 25373 | D:15     | XOM: give mutations
 25373 | D:15     | Gained mutation: You are occasionally teleported next to
                  | monsters. [Xom's mischief]
 25373 | D:15     | Gained mutation: Your spells are a little harder to cast,
                  | but a little more powerful. [Xom's mischief]
 25373 | D:15     | Lost mutation: You have an increased reservoir of magic.
                  | (+10% MP) [Xom's mischief]
 25404 | D:15     | XOM: polymorph green ugly thing -> purple ugly thing
 25409 | D:15     | XOM: draining
 25427 | D:15     | XOM: confusion
 25438 | D:15     | XOM: summons friendly shadow imp
 25446 | D:15     | XOM: stat loss: -1 Str (10/11)
 25452 | D:15     | XOM: divine lightning
 25453 | D:15     | XOM: summons 2 friendly demons
 25454 | D:15     | XOM: confusion (+ monsters)
 25517 | D:15     | Found a staircase to the Depths.
 25606 | D:15     | XOM: blink monster(s)
 25607 | D:15     | XOM: confuse monster(s)
 25888 | Orc:1    | Entered Level 1 of the Orcish Mines
 26131 | Orc:1    | XOM: confuse monster(s)
 26381 | Orc:2    | Entered Level 2 of the Orcish Mines
 26381 | Orc:2    | Noticed Maurice
 26381 | Orc:2    | Found a staircase to the Elven Halls.
 26383 | Orc:2    | Maurice changed into Maurice the fire bat
 26383 | Orc:2    | Noticed Maurice
 26388 | Orc:2    | Killed Maurice the fire bat
 26426 | Orc:2    | Found a runed translucent gate.
 26426 | Orc:2    | Found a runed translucent gate.
 26426 | Orc:2    | Found a runed translucent gate.
 26483 | Orc:2    | XOM: swap monsters
 26549 | Orc:1    | XOM: god gift: scroll of noise
 26624 | Orc:2    | XOM: enchant monster (bad)
 26843 | Orc:2    | XOM: cleaving
 26889 | Orc:2    | XOM: potion effect (brilliance)
 26899 | Orc:2    | XOM: summons 2 friendly demons
 26929 | Orc:2    | XOM: silly message
 27091 | Orc:2    | Found a burning altar of Makhleb.
 27199 | Orc:2    | Noticed DEFE's ghost (journeyman DsFi)
 27326 | Orc:2    | Found Horoetaf's Assorted Antiques.
 27449 | Orc:2    | Found Nuttael's Assorted Antiques.
 27449 | Orc:2    | Found Jemp's Magic Scroll Boutique.
 27451 | Orc:2    | Found Elo Duirumi's Antique Weapon Shop.
 27453 | Orc:2    | Found Diow's Antique Weapon Shoppe.
 27699 | Orc:2    | Bought a scroll of acquirement for 1248 gold pieces
 27699 | Orc:2    | Acquired 1227 gold pieces
 27706 | Orc:2    | Bought a scroll of fog for 48 gold pieces
 27706 | Orc:2    | Bought a scroll of teleportation for 36 gold pieces
 27739 | Orc:2    | Bought a potion of haste for 330 gold pieces
 27739 | Orc:2    | Bought 2 scrolls of immolation for 264 gold pieces
 27749 | Orc:2    | Learned a level 3 spell: Ozocubu's Armour
 27903 | Snake:1  | XOM: noise
 27903 | Snake:1  | Entered Level 1 of the Snake Pit
 27954 | Snake:1  | XOM is BORED!
 27954 | Snake:1  | XOM: silly message
 28110 | Snake:1  | XOM: silly message
 28334 | Snake:1  | XOM: enchant monster (good)
 28646 | Snake:1  | XOM: cloud trail
 28798 | Snake:1  | XOM: potion effect (haste)
 29079 | Snake:1  | XOM: summons friendly shadow imp
 29170 | Snake:1  | XOM: polymorph shadow imp -> cerulean imp
 29221 | Snake:1  | XOM: give mutations
 29221 | Snake:1  | Gained mutation: Your system is resistant to poisons.
                  | (rPois) [Xom's grace]
 29221 | Snake:1  | Gained mutation: Your spells are harder to cast, but more
                  | powerful. [Xom's grace]
 29221 | Snake:1  | Gained mutation: You have an increased reservoir of magic.
                  | (+10% MP) [Xom's grace]
 29221 | Snake:1  | Gained mutation: Your flesh is cold resistant. (rC+) [Xom's
                  | grace]
 29371 | Snake:1  | XOM: 3-stop teleportation journey
 29378 | Snake:1  | XOM: cleaving
 29392 | Snake:1  | XOM: cast spell 'Disjunction'
 29808 | Snake:2  | Noticed Kirke
 29826 | Snake:1  | Killed Kirke
 29859 | Snake:2  | XOM: polymorph salamander -> polar bear
 29915 | Snake:2  | XOM: scenery: create altars
 30028 | Snake:2  | XOM: give mutations
 30028 | Snake:2  | Gained mutation: You are robust. (+10% HP) [Xom's mischief]
 30028 | Snake:2  | Lost mutation: You have a pair of antennae on your head.
                  | [Xom's mischief]
 30028 | Snake:2  | Lost mutation: You are partially covered in iridescent
                  | scales. (AC +2) [Xom's mischief]
 30043 | Snake:2  | XOM: 2-stop teleportation journey
 30241 | Snake:1  | XOM: summons 4 hostile shadow creatures
 30247 | Snake:1  | XOM: give mutations
 30247 | Snake:1  | Gained mutation: You expend magic power (3 MP) to
                  | strengthen your wands. [Xom's grace]
 30247 | Snake:1  | Gained mutation: You have hidden genetic potential. [Xom's
                  | grace]
 30247 | Snake:1  | Gained mutation: You possess an exceptional clarity of
                  | mind. [Xom's grace]
 30247 | Snake:1  | Gained mutation: Your muscles are strong. (Str +4, Int/Dex
                  | -1) [Xom's grace]
 30494 | Snake:2  | Reached skill level 10 in Transmutations
 30743 | Snake:2  | XOM: enchant monster (good)
 30771 | Snake:2  | Reached XP level 17. HP: 78/86 MP: 29/29
 30797 | Snake:2  | XOM: summons 9 hostile demons
 31039 | Snake:2  | Noticed Asterion
 31052 | Snake:2  | XOM: divination: magic mapping
 31071 | Snake:2  | XOM: potion effect (magic)
 31073 | Snake:2  | XOM: cast spell 'Summon Cactus Giant'
 31081 | Snake:2  | Killed Asterion
 31112 | Snake:2  | XOM: chaos upgrade
 31141 | Snake:2  | XOM: summons 4 hostile shadow creatures
 31154 | Snake:2  | XOM: confuse monster(s)
 31273 | Snake:2  | XOM: 1-stop teleportation journey
 31326 | Snake:2  | Noticed Vashnia
 31327 | Snake:2  | XOM: summons 4 hostile shadow creatures
 31366 | Snake:2  | XOM: summons 5 hostile demons
 31369 | Snake:2  | XOM: give mutations
 31369 | Snake:2  | Lost mutation: You are occasionally teleported next to
                  | monsters. [Xom's mischief]
 31369 | Snake:2  | Lost mutation: Your spells are harder to cast, but more
                  | powerful. [Xom's mischief]
 31369 | Snake:2  | Lost mutation: You have hidden genetic potential. [Xom's
                  | mischief]
 31369 | Snake:2  | Gained mutation: You are somewhat resistant to further
                  | mutation. [Xom's mischief]
 31369 | Snake:2  | Gained mutation: Your flesh is very heat resistant. (rF++)
                  | [Xom's mischief]
 31524 | Snake:2  | Killed Vashnia
 31756 | Snake:1  | XOM: noise
 31819 | Snake:2  | Reached skill level 10 in Conjurations
 32098 | Snake:1  | XOM: silly message
 32302 | Snake:2  | XOM: divination: detect creatures
 32526 | Snake:2  | Reached skill level 1 in Ice Magic
 32709 | Snake:2  | XOM: silly message
 32726 | Snake:2  | XOM: divination: magic mapping
 32957 | Snake:3  | XOM: silly message
 32961 | Snake:3  | XOM: potion effect (heal wounds)
 33038 | Snake:3  | XOM: enchant monster (good)
 33055 | Snake:3  | XOM: god gift: trident {god gift}
 33366 | Snake:3  | XOM: divination: magic mapping
 33389 | Snake:3  | XOM: enchant monster (good)
 33704 | Snake:3  | XOM: 2-stop teleportation journey
 34152 | Snake:3  | XOM: scenery: summon butterflies
 34242 | Snake:3  | XOM: scenery: summon butterflies
 34302 | Snake:3  | XOM: cleaving
 34315 | Snake:3  | XOM: divination: detect creatures
 34514 | Snake:3  | XOM: give mutations
 34514 | Snake:3  | Lost mutation: You are somewhat resistant to further
                  | mutation. [Xom's grace]
 34514 | Snake:3  | Gained mutation: You have hidden genetic potential. [Xom's
                  | grace]
 34514 | Snake:3  | Gained mutation: You passively map a small area around you.
                  | [Xom's grace]
 34701 | Snake:3  | XOM: cast spell 'Metabolic Englaciation'
 34770 | Snake:3  | XOM: enchant monster (good)
 34817 | Snake:3  | XOM: divination: detect creatures
 34941 | Snake:3  | XOM: confuse monster(s)
 35006 | Snake:3  | XOM: god gift: 58 gold pieces
 35075 | Snake:4  | Entered Level 4 of the Snake Pit
 35083 | Snake:4  | XOM: snakes to sticks
 35177 | Snake:4  | XOM: give mutations
 35177 | Snake:4  | Gained mutation: Your muscles are very strong. (Str +8,
                  | Int/Dex -2) [Xom's grace]
 35177 | Snake:4  | Gained mutation: Your mind is very acute. (Int +8, Str/Dex
                  | -2) [Xom's grace]
 35177 | Snake:4  | Gained mutation: You are agile. (Dex +4, Str/Int -1) [Xom's
                  | grace]
 35177 | Snake:4  | Gained mutation: Your flesh is almost immune to the effects
                  | of heat. (rF+++) [Xom's grace]
 35243 | Snake:4  | XOM: scenery: create altars
 35250 | Snake:4  | Reached skill level 5 in Ice Magic
 35332 | Snake:4  | XOM: summons 16 friendly demons
 35470 | Snake:4  | Found Epypp's Assorted Antiques.
 35524 | Snake:4  | Bought a potion of haste for 290 gold pieces
 35524 | Snake:4  | Bought a metallic emerald potion for 26 gold pieces
 35568 | Snake:4  | XOM: draining
 35570 | Snake:4  | XOM: enchant monster (good)
 35834 | Snake:4  | XOM: summons 2 friendly demons
 35836 | Snake:4  | XOM: summons 3 friendly demons
 35848 | Snake:4  | XOM: confuse monster(s)
 35881 | Snake:4  | XOM: polymorph naga mage -> salamander
 35882 | Snake:4  | XOM: enchant monster (bad)
 35890 | Snake:4  | XOM: fog
 35925 | Snake:4  | Reached XP level 18. HP: 70/94 MP: 24/30
 35956 | Snake:4  | Found a transporter.
 35956 | Snake:4  | Found a transporter.
 35961 | Snake:4  | Found a bloodstained altar of Trog.
 35963 | Snake:4  | Noticed kae's ghost (adept HOFi)
 36015 | Snake:4  | XOM: noise
 36346 | Snake:4  | XOM: summons 2 hostile demons
 36425 | Snake:4  | XOM: god gift: box of beasts
 36454 | Snake:4  | XOM: cleaving
 36484 | Snake:4  | XOM: polymorph naga warrior -> shapeshifter
 36520 | Snake:4  | XOM: polymorph naga -> basilisk
 36550 | Snake:4  | XOM: summons 4 friendly demons
 36660 | Snake:4  | Got a serpentine rune of Zot
 36687 | Snake:4  | XOM: confuse monster(s)
 36923 | Swamp:1  | Entered Level 1 of the Swamp
 37033 | Swamp:1  | XOM: 3-stop teleportation journey
 37034 | Swamp:1  | XOM: potion effect (invisibility)
 37583 | Swamp:1  | XOM: stat loss: -1 Str (16/17)
 37672 | Swamp:1  | XOM: give mutations
 37672 | Swamp:1  | Lost mutation: Your system is resistant to poisons. (rPois)
                  | [Xom's mischief]
 37672 | Swamp:1  | Lost mutation: You have an increased reservoir of magic.
                  | (+10% MP) [Xom's mischief]
 37898 | Swamp:2  | Noticed Mlioglotl
 37906 | Swamp:2  | XOM: divine lightning
 37912 | Swamp:2  | Killed Mlioglotl
 37945 | Swamp:2  | XOM: swap monsters
 38158 | Swamp:2  | Reached skill level 15 in Fighting
 38172 | Swamp:1  | Learned a level 7 spell: Spellforged Servitor
 38179 | Swamp:1  | Learned a level 6 spell: Bombard
 38426 | Swamp:2  | XOM: fog
 38509 | Swamp:2  | Noticed Louise
 38518 | Swamp:2  | XOM: divination: magic mapping
 38522 | Swamp:2  | Reached skill level 1 in Summonings
 38527 | Swamp:2  | Killed Louise
 38608 | Swamp:2  | XOM: cleaving
 38940 | Swamp:2  | XOM: cloud trail
 39020 | Swamp:2  | XOM: scenery: summon butterflies
 39086 | Swamp:3  | XOM: cleaving
 39106 | Swamp:3  | XOM: give mutation
 39106 | Swamp:3  | Gained mutation: You are partially covered in large bone
                  | plates. (SH +4) [Xom's grace]
 39140 | Swamp:3  | Gained mutation: You are very agile. (Dex +8, Str/Int -2)
                  | [hidden potential]
 39329 | Swamp:3  | XOM: give mutation
 39329 | Swamp:3  | Gained mutation: You are partially covered in iridescent
                  | scales. (AC +2) [Xom's grace]
 39385 | Swamp:3  | XOM: give mutation
 39385 | Swamp:3  | Lost mutation: You have hidden genetic potential. [Xom's
                  | grace]
 39385 | Swamp:3  | Gained mutation: You are somewhat resistant to further
                  | mutation. [Xom's grace]
 39485 | Swamp:3  | XOM: scenery: create altars
 39558 | Swamp:3  | XOM: god gift: +0 scimitar of freezing
 39652 | Swamp:4  | Entered Level 4 of the Swamp
 39961 | Swamp:4  | XOM: summons 5 friendly demons
 40114 | Swamp:4  | Noticed a tentacled monstrosity
 40117 | Swamp:4  | Noticed Zoigrime's ghost (adept FoFi)
 40121 | Swamp:4  | Found a runed translucent gate.
 40121 | Swamp:4  | Found a runed translucent gate.
 40121 | Swamp:4  | Found a runed translucent gate.
 40121 | Swamp:4  | Noticed a tentacled monstrosity
 40355 | Swamp:4  | XOM: summons 3 hostile demons
 40427 | Swamp:4  | XOM: potion effect (heal wounds)
 40744 | Swamp:4  | XOM: polymorph five-headed hydra -> sea snake
 40846 | Swamp:4  | XOM: divination: magic mapping
 40853 | Swamp:4  | XOM: confuse monster(s)
 40867 | Swamp:3  | XOM: silly message
 40887 | Swamp:3  | HP: 7/145 [death drake[a spriggan druid] (1)]
 41263 | Snake:2  | XOM: silly message
 41332 | Snake:4  | XOM: repel stairs
 41616 | Snake:4  | Bought a potion of curing for 87 gold pieces
 41742 | D:10     | XOM: give mutation
 41742 | D:10     | Lost mutation: Your flesh is almost immune to the effects
                  | of heat. (rF+++) [Xom's mischief]
 41765 | D:11     | XOM: summons 4 hostile shadow creatures
 41900 | Orc:2    | Bought a potion of heal wounds for 120 gold pieces
 41900 | Orc:2    | Bought a potion of curing for 72 gold pieces
 41900 | Orc:2    | Bought 2 potions of might for 192 gold pieces
 41900 | Orc:2    | Bought a scroll of revelation for 180 gold pieces
 41939 | Orc:1    | XOM: summons 1 hostile demon
 42131 | Swamp:3  | XOM: summons 2 hostile demons
 42236 | Swamp:4  | XOM: silly message
 42267 | Swamp:4  | Paralysed by a floating eye for 2 turns
 42292 | Swamp:4  | XOM: give mutation
 42292 | Swamp:4  | Lost mutation: Your mind is very acute. (Int +8, Str/Dex
                  | -2) [Xom's mischief]
 42360 | Swamp:4  | Reached skill level 5 in Summonings
 42408 | Swamp:4  | Got a decaying rune of Zot
 42787 | Crypt:2  | Identified the of Coestry
 42787 | Crypt:3  | Identified the of Oclakoik
 42787 | Elf:1    | Identified the "Qal Dack"
 42787 | Elf:1    | Entered Level 1 of the Elven Halls
 42793 | Elf:1    | Found Runumoul's Jewellery Boutique.
 42793 | Elf:1    | Found Waemm's Weapon Shop.
 42793 | Elf:1    | Found Syle's Antique Armour Boutique.
 42793 | Elf:1    | XOM: 3-stop teleportation journey
 42902 | Elf:1    | Bought a dragon-blood talisman for 1120 gold pieces
 43034 | Elf:1    | XOM: noise
 43096 | Elf:1    | XOM: fake destruction
 43107 | Elf:1    | Reached XP level 19. HP: 87/102 MP: 23/31
 43180 | Elf:1    | Found Wisuf's Antique Armour Shop.
 43888 | Elf:2    | XOM: noise
 43891 | Elf:2    | XOM: divination: detect creatures
 43894 | Elf:2    | Reached skill level 15 in Shapeshifting
 43897 | Elf:2    | XOM: confuse monster(s)
 44023 | Elf:2    | XOM: 1-stop teleportation journey
 44031 | Elf:2    | Found a runed translucent gate.
 44035 | Elf:2    | Found a runed translucent gate.
 44035 | Elf:2    | Found a runed translucent gate.
 44046 | Elf:2    | XOM: divination: detect items
 44047 | Elf:2    | XOM: divination: detect items
 44079 | Elf:2    | Found a transporter.
 44107 | Elf:2    | XOM: smoke on damage
 44122 | Elf:2    | Found a transporter.
 44236 | Elf:2    | XOM: confuse monster(s)
 44273 | Elf:2    | XOM: god gift: 13 gold pieces
 44361 | Elf:2    | XOM: give mutations
 44361 | Elf:2    | Lost mutation: You expend magic power (3 MP) to strengthen
                  | your wands. [Xom's mischief]
 44361 | Elf:2    | Lost mutation: Your muscles are very strong. (Str +8,
                  | Int/Dex -2) [Xom's mischief]
 44361 | Elf:2    | Lost mutation: You are robust. (+10% HP) [Xom's mischief]
 44421 | Elf:2    | Found a transporter.
 44422 | Elf:2    | Found a transporter.
 44451 | Elf:2    | Found a transporter.
 44458 | Elf:2    | Found a transporter.
 44548 | Elf:2    | XOM: confuse monster(s)
 44569 | Elf:2    | XOM: smoke on damage
 44836 | Elf:2    | XOM: potion effect (attraction)
 44837 | Elf:2    | XOM: silly message
 44850 | Elf:2    | XOM: potion effect (heal wounds)
 44960 | Elf:2    | XOM: silly message
 45194 | Elf:2    | XOM: polymorph deep elf blademaster -> sphinx
 45265 | Elf:2    | XOM: cast spell 'Summon Cactus Giant'
 45406 | Abyss:3  | Found a corrupted altar of Lugonu.
 45406 | Abyss:3  | Cast into level 3 of the Abyss (+1 quick blade of
                  | distortion)
 45544 | Abyss:3  | XOM: scenery: 3 doors close
 45566 | Abyss:3  | XOM: noise
 45703 | Abyss:3  | Found a shimmering altar of Xom.
 45713 | Abyss:3  | Noticed a profane servitor
 45723 | Abyss:3  | XOM: summons 6 friendly demons
 45726 | Abyss:3  | XOM: confuse monster(s)
 45730 | Abyss:3  | Killed a profane servitor
 45752 | Abyss:3  | XOM: destruction
 45800 | Abyss:3  | Noticed a dread lich
 45809 | Elf:2    | Escaped the Abyss
 46224 | Elf:2    | XOM: god gift: 33 gold pieces
 46427 | Vaults:1 | XOM: noise
 46427 | Vaults:1 | Entered Level 1 of the Vaults
 46430 | Vaults:1 | Found Gozag's Antique Weapon Emporium.
 46574 | D:13     | XOM: give mutations
 46574 | D:13     | Gained mutation: You are robust. (+10% HP) [Xom's grace]
 46574 | D:13     | Gained mutation: Your system is resistant to poisons.
                  | (rPois) [Xom's grace]
 46574 | D:13     | Gained mutation: Your muscles are very strong. (Str +8,
                  | Int/Dex -2) [Xom's grace]
 46574 | D:13     | Gained mutation: Your flesh is very cold resistant. (rC++)
                  | [Xom's grace]
 46829 | Vaults:1 | XOM: cast spell 'Summon Cactus Giant'
 47070 | Vaults:1 | Found an opulent altar of Gozag.
 47071 | Vaults:1 | Found Gozag's Assorted Antiques.
 47096 | Vaults:1 | Found Gozag's Antique Armour Shoppe.
 47096 | Vaults:1 | XOM: 1-stop teleportation journey
 47187 | D:12     | XOM: give mutation
 47187 | D:12     | Gained mutation: You are mostly covered in iridescent
                  | scales. (AC +4) [Xom's grace]
 47263 | Elf:1    | Bought the macabre finger necklace {Finger+ rN+} for 560
                  | gold pieces
 47263 | Elf:1    | Found the macabre finger necklace {Finger+ rN+}
 47956 | Vaults:1 | XOM: polymorph formless jellyfish -> storm dragon
 47966 | Vaults:1 | XOM: cleaving
 47974 | Vaults:1 | XOM: enchant monster (good)
 47981 | Vaults:1 | XOM: fog
 48011 | Vaults:1 | XOM: scenery: 3 doors close
 48022 | Vaults:1 | XOM: cleaving
 48028 | Vaults:1 | XOM: fake destruction
 48032 | Vaults:1 | XOM: enchant monster (good)
 48118 | D:13     | XOM: god gift: 45 gold pieces
 48280 | Vaults:1 | XOM: confuse monster(s)
 48832 | Vaults:1 | Reached XP level 20. HP: 108/108 MP: 32/32
 48975 | Vaults:1 | XOM: scenery: 1 doors open, 1 doors close
 48980 | Vaults:1 | XOM: enchant monster (good)
 49110 | Vaults:1 | XOM: god gift: scroll of teleportation
 49320 | Vaults:2 | Identified the ring "Lyphec" {rC+ Will+ Int+2}
 49380 | Vaults:1 | XOM: divination: detect items
 49608 | Vaults:2 | XOM: give mutations
 49608 | Vaults:2 | Gained mutation: You expend magic power (3 MP) to
                  | strengthen your wands. [Xom's grace]
 49608 | Vaults:2 | Gained mutation: Your natural rate of healing is unusually
                  | fast. [Xom's grace]
 49608 | Vaults:2 | Gained mutation: You are very robust. (+20% HP) [Xom's
                  | grace]
 49666 | Vaults:2 | XOM: noise
 49773 | Vaults:2 | XOM: potion effect (might)
 49807 | Vaults:2 | XOM: confuse monster(s)
 49811 | Vaults:2 | XOM: noise
 49812 | Vaults:2 | XOM: cast spell 'Olgreb's Toxic Radiance'
 49901 | Vaults:2 | XOM: cast spell 'Summon Small Mammal'
 49910 | Vaults:2 | XOM: noise
 49981 | Vaults:2 | XOM: silly message
 49999 | Vaults:2 | XOM: noise
 50224 | Vaults:2 | XOM: 2-stop teleportation journey
 50340 | Vaults:2 | Identified the +3 leather armour "Iqehei" {Harm rPois
                  | Regen+}
 50421 | Vaults:2 | XOM: fake destruction
 50472 | Vaults:2 | XOM: summons friendly white imp
 50486 | Vaults:2 | XOM: noise
 50533 | Vaults:2 | XOM: chaos cloud
 50536 | Vaults:2 | Paralysed by you for 3 turns
 50538 | Vaults:2 | XOM: summons 11 hostile demons
 50556 | Vaults:2 | XOM: summons 2 hostile shadow creatures
 50557 | Vaults:2 | XOM: blink monster(s)
 50640 | Vaults:2 | XOM: summons 1 hostile demon
 50735 | Vaults:2 | Found Sele Tom's Weapon Boutique.
 51006 | Vaults:3 | XOM: stat loss: -1 Dex (27/28)
 51024 | Vaults:3 | XOM: polymorph ironbound preserver -> azure jelly
 51044 | Vaults:3 | XOM: summons friendly white imp
 51085 | Vaults:3 | XOM: potion effect (might)
 51158 | Vaults:3 | XOM: summons friendly iron imp
 51182 | Vaults:3 | XOM: 1-stop teleportation journey
 51436 | Vaults:3 | Found a staircase to the Crypt.
 51469 | Vaults:3 | Reached skill level 10 in Evocations
 51581 | Vaults:3 | XOM: silly message
 51596 | Vaults:3 | XOM: swap monsters
 51598 | Vaults:3 | XOM: fog
 51602 | Vaults:3 | XOM: scenery: 1 doors open
 51609 | Vaults:3 | HP: 7/183 [yaktaur/bolt[a yaktaur captain] (12)]
 51706 | Vaults:3 | XOM: 1-stop teleportation journey
 51791 | Vaults:3 | XOM: chaos cloud
 51793 | Vaults:3 | XOM: cleaving
 51803 | Vaults:3 | XOM: enchant monster (bad)
 51809 | Vaults:3 | Reached XP level 21. HP: 127/127 MP: 33/33
 51887 | Vaults:3 | You are sucked into a shaft and drop 1 floor!
 52020 | Vaults:4 | XOM: cleaving
 52042 | Vaults:4 | Noticed Mennas
 52054 | Vaults:4 | Mennas changed into Mennas the pearl dragon
 52054 | Vaults:4 | Noticed Mennas
 52054 | Vaults:4 | XOM: polymorph Mennas -> Mennas the pearl dragon
 52056 | Vaults:4 | Killed Mennas the pearl dragon
 52237 | Vaults:4 | Identified the +6 mace "Veturghu" {flame, Str+2}
 52344 | Vaults:4 | XOM: fake destruction
 52348 | Vaults:4 | XOM: enchant monster (bad)
 52641 | Vaults:4 | XOM: give mutations
 52641 | Vaults:4 | Lost mutation: Your mind is acute. (Int +4, Str/Dex -1)
                  | [Xom's mischief]
 52641 | Vaults:4 | Lost mutation: Your natural rate of healing is unusually
                  | fast. [Xom's mischief]
 52641 | Vaults:4 | Lost mutation: Your system is resistant to poisons. (rPois)
                  | [Xom's mischief]
 52641 | Vaults:4 | Lost mutation: Your flesh is very cold resistant. (rC++)
                  | [Xom's mischief]
 52917 | Vaults:3 | XOM: give mutations
 52917 | Vaults:3 | Lost mutation: You are somewhat resistant to further
                  | mutation. [Xom's mischief]
 52917 | Vaults:3 | Lost mutation: You have a pair of small antennae on your
                  | head. [Xom's mischief]
 52917 | Vaults:3 | Lost mutation: Your flesh is very heat resistant. (rF++)
                  | [Xom's mischief]
 52917 | Vaults:3 | Lost mutation: You are very robust. (+20% HP) [Xom's
                  | mischief]
 53279 | Depths:1 | Entered Level 1 of the Depths
 53291 | Depths:1 | XOM: potion effect (haste)
 53308 | Depths:1 | XOM: silly message
 53345 | Depths:1 | Found a sacrificial altar of Ru.
 53445 | Depths:1 | XOM: noise
 53457 | Depths:1 | XOM: divination: detect creatures
 53614 | Depths:1 | Found a gateway to Hell.
 53694 | Depths:1 | XOM: potion effect (might)
 53854 | Depths:2 | XOM: cast spell 'Leda's Liquefaction'
 53856 | Depths:2 | XOM: chaos cloud
 53857 | Depths:2 | Paralysed by you for 4 turns
 53932 | Depths:2 | Found Yfoch's Weapon Shoppe.
 53932 | Depths:2 | Found Wawep's Armour Emporium.
 53953 | Depths:2 | Found a one-way gate leading to the halls of Pandemonium.
 54031 | Depths:2 | Noticed a golden dragon
 54031 | Depths:2 | Noticed a juggernaut
 54032 | Depths:2 | Noticed a caustic shrike
 54045 | Depths:2 | Killed a juggernaut
 54050 | Depths:2 | Noticed a juggernaut
 54051 | Depths:2 | Killed a caustic shrike
 54052 | Depths:2 | XOM: summons friendly white imp
 54058 | Depths:2 | Killed a golden dragon
 54059 | Depths:2 | Noticed a golden dragon
 54073 | Depths:2 | Killed a juggernaut
 54297 | Depths:1 | XOM: give mutation
 54297 | Depths:1 | Lost mutation: You possess an exceptional clarity of mind.
                  | [Xom's mischief]
 54439 | Depths:2 | XOM: blink monster(s)
 54441 | Depths:2 | Killed a golden dragon
 54625 | Depths:2 | XOM: blink monster(s)
 54626 | Depths:2 | XOM: enchant monster (bad)
 54658 | Depths:2 | XOM: stat loss: -1 Int (10/11)
 54845 | Depths:2 | XOM: silly message
 54857 | Depths:2 | Reached XP level 22. HP: 125/125 MP: 34/34
 54923 | Depths:2 | XOM: enchant monster (good)
 55082 | Depths:2 | XOM: god gift: pair of embroidered boots {god gift}
 55137 | Depths:2 | XOM: god gift: 28 gold pieces
 55283 | Depths:3 | Noticed a golden dragon
 55290 | Depths:3 | Killed a golden dragon
 55371 | Depths:3 | XOM: cloud trail
 55390 | Depths:3 | XOM: god gift: potion of curing
 55470 | Depths:3 | XOM: 2-stop teleportation journey
 55499 | Depths:3 | XOM: scenery: summon butterflies
 55502 | Depths:3 | XOM: fake destruction
 55503 | Depths:3 | XOM: god gift: plate armour {god gift}
 55534 | Depths:3 | XOM: cast spell 'Leda's Liquefaction'
 55609 | Depths:3 | XOM: give mutations
 55609 | Depths:3 | Lost mutation: Your spells are a little harder to cast, but
                  | a little more powerful. [Xom's mischief]
 55609 | Depths:3 | Lost mutation: Your muscles are very strong. (Str +8,
                  | Int/Dex -2) [Xom's mischief]
 55609 | Depths:3 | Lost mutation: Your flesh is cold resistant. (rC+) [Xom's
                  | mischief]
 55609 | Depths:3 | Lost mutation: You are robust. (+10% HP) [Xom's mischief]
 55677 | Depths:3 | XOM: give mutations
 55677 | Depths:3 | Gained mutation: Your muscles are very strong. (Str +8,
                  | Int/Dex -2) [Xom's grace]
 55677 | Depths:3 | Gained mutation: You are completely covered in iridescent
                  | scales. (AC +6) [Xom's grace]
 55677 | Depths:3 | Gained mutation: You have a pair of small horns on your
                  | head. [Xom's grace]
 55993 | Depths:3 | XOM: smoke on damage
 56300 | Depths:3 | XOM: noise
 56330 | Depths:4 | Entered Level 4 of the Depths
 56330 | Depths:4 | Found a one-way gateway to a ziggurat.
 56369 | Depths:4 | XOM: noise
 56396 | Depths:4 | Found a bloodstained altar of Trog.
 56425 | Depths:4 | XOM: summons friendly shadow imp
 56439 | Depths:4 | XOM: polymorph shadow imp -> crimson imp
 56605 | Depths:4 | XOM: cast spell 'Summon Mana Viper'
 56972 | Depths:4 | Noticed a juggernaut
 56980 | Depths:4 | Killed a juggernaut
 57304 | Depths:4 | XOM: enchant monster (good)
 57445 | Depths:4 | Found a gate to the Realm of Zot.
 57909 | Depths:3 | Voluntarily entered the Abyss.
 57954 | Abyss:3  | XOM: divination: detect items
 57966 | Abyss:3  | Found a corrupted altar of Lugonu.
 58077 | Abyss:3  | XOM: smoke on damage
 58107 | Abyss:3  | XOM: cast spell 'Alistair's Intoxication'
 58110 | Abyss:3  | XOM: confuse monster(s)
 58157 | Abyss:3  | XOM: give mutations
 58157 | Abyss:3  | Gained mutation: You have a pair of horns on your head.
                  | [Xom's grace]
 58157 | Abyss:3  | Gained mutation: You are strong-willed. (Will+) [Xom's
                  | grace]
 58229 | Depths:3 | Escaped the Abyss
 58269 | Depths:3 | Voluntarily entered the Abyss.
 58277 | Abyss:3  | Found a corrupted altar of Lugonu.
 58284 | Abyss:3  | Found a corrupted altar of Lugonu.
 58297 | Abyss:3  | Found a corrupted altar of Lugonu.
 58298 | Abyss:3  | Found a corrupted altar of Lugonu.
 58298 | Abyss:3  | Found a corrupted altar of Lugonu.
 58323 | Abyss:3  | XOM: divination: magic mapping
 58415 | Abyss:3  | XOM: scenery: summon butterflies
 58440 | Abyss:3  | XOM: divine lightning
 58450 | Abyss:3  | XOM: enchant monster (bad)
 58480 | Abyss:3  | XOM: noise
 58558 | Abyss:4  | XOM: cleaving
 58564 | Abyss:4  | XOM: fog
 58641 | Abyss:4  | XOM: summons friendly shadow imp
 58642 | Abyss:4  | Reached XP level 23. HP: 117/117 MP: 32/36
 58672 | Abyss:4  | XOM: cleaving
 58695 | Abyss:4  | XOM: summons 3 friendly demons
 58708 | Abyss:4  | Got an abyssal rune of Zot
 58722 | Abyss:4  | XOM: cast spell 'Dispersal'
 58750 | Abyss:4  | XOM: god gift: wand of charming (5)
 58925 | Depths:3 | Escaped the Abyss
 59015 | Elf:3    | Identified the of Hejeng
 59015 | Elf:3    | Identified the "Gocunal"
 59015 | Elf:3    | Identified the "Kimuofe"
 59015 | Zot:1    | Entered Level 1 of the Realm of Zot
 59169 | Zot:1    | XOM: enchant monster (good)
 59173 | Zot:1    | XOM: divination: detect creatures
 59318 | Zot:1    | XOM: summons friendly crimson imp
 59330 | Zot:1    | XOM: fake destruction
 59559 | Zot:1    | XOM: swap monsters
 59633 | Zot:1    | XOM: chaos upgrade
 59794 | Zot:1    | XOM: summons 4 hostile demons
 59887 | Zot:1    | XOM: 1-stop teleportation journey
 60127 | Zot:1    | XOM: god gift: 52 gold pieces
 60351 | Zot:2    | Identified the "Naysesm"
 60401 | Zot:2    | XOM: 1-stop teleportation journey
 60499 | Zot:2    | Reached skill level 10 in Spellcasting
 60802 | Zot:2    | XOM: polymorph storm dragon -> eleionoma
 60899 | Zot:2    | XOM: fog
 61006 | Zot:2    | XOM: give mutations
 61006 | Zot:2    | Gained mutation: You are somewhat resistant to further
                  | mutation. [Xom's grace]
 61006 | Zot:2    | Gained mutation: Your system is resistant to poisons.
                  | (rPois) [Xom's grace]
 61006 | Zot:2    | Gained mutation: You are robust. (+10% HP) [Xom's grace]
 61006 | Zot:2    | Gained mutation: Your spells are a little harder to cast,
                  | but a little more powerful. [Xom's grace]
 61077 | Zot:3    | Noticed a curse toe
 61084 | Zot:3    | Killed a curse toe
 61133 | Zot:2    | XOM: god gift: 791 gold pieces
 61321 | Zot:2    | XOM: scenery: 1 doors close
 61468 | Zot:3    | XOM: enchant monster (good)
 61514 | Zot:3    | XOM: 1-stop teleportation journey
 61706 | Zot:3    | Noticed a curse toe
 61715 | Zot:3    | XOM: butterfly on damage
 61719 | Zot:3    | Killed a curse toe
 61720 | Zot:3    | XOM: fake destruction
 61748 | Zot:3    | Reached skill level 10 in Summonings
 62011 | Zot:3    | Noticed a curse toe
 62014 | Zot:3    | Killed a curse toe
 62178 | Zot:3    | XOM: scenery: 2 doors close
 62182 | Zot:3    | Reached skill level 15 in Conjurations
 62357 | Zot:3    | XOM: cleaving
 62447 | Zot:3    | XOM: god gift: +2 robe of cold resistance
 63056 | Zot:4    | Found a transporter.
 63079 | Zot:4    | Noticed a curse toe
 63081 | Zot:4    | XOM: butterfly on damage
 63085 | Zot:4    | Killed a curse toe
 63086 | Zot:4    | Reached XP level 24. HP: 113/134 MP: 38/38
 63170 | Zot:3    | XOM: give mutation
 63170 | Zot:3    | Gained mutation: Your mind is acute. (Int +4, Str/Dex -1)
                  | [Xom's grace]
 63324 | Zot:4    | Found a radiant altar of Vehumet.
 63327 | Zot:4    | Noticed an orb of fire
 63328 | Zot:4    | Noticed an ancient lich
 63334 | Zot:4    | XOM: polymorph purple draconian -> eight-headed hydra
 63344 | Zot:4    | XOM: summons friendly white imp
 64138 | Zot:4    | XOM: fog
 64188 | Zot:4    | XOM: stat loss: -1 Dex (27/28)
 64442 | Zot:4    | XOM: noise
 64459 | Zot:4    | XOM: chaos upgrade
 64462 | Zot:4    | XOM: enchant monster (bad)
 64465 | Zot:4    | XOM: confusion (+ monsters)
 64473 | Zot:4    | XOM: potion effect (haste)
 64474 | Zot:4    | XOM: confuse monster(s)
 64565 | Zot:4    | XOM: confuse monster(s)
 64609 | Zot:4    | Noticed Vv
 65030 | Zot:4    | Learned a level 1 spell: Apportation
 65056 | Zot:4    | Killed Vv
 65069 | Zot:4    | Noticed an ancient lich
 65126 | Zot:5    | Entered Level 5 of the Realm of Zot
 65129 | Zot:4    | Noticed an orb of fire
 65220 | Zot:4    | XOM: cast spell 'Call Canine Familiar'
 65576 | Zot:5    | XOM: silly message
 65899 | Zot:5    | XOM: blink monster(s)
 66060 | Zot:4    | XOM: silly message
 66070 | Zot:5    | XOM: silly message
 66306 | Zot:5    | XOM: silly message
 66385 | Zot:5    | Noticed a Killer Klown
 66385 | Zot:5    | Noticed an ancient lich
 66393 | Zot:5    | Got the Orb of Zot
 66393 | Zot:5    | XOM: chaos cloud
 66395 | Zot:5    | Noticed an orb of fire
 66395 | Zot:5    | Noticed a dread lich
 66397 | Zot:5    | Noticed a Killer Klown
 66399 | Zot:5    | Noticed a Killer Klown
 66406 | Zot:5    | Noticed an ancient lich
 66414 | Zot:5    | Noticed an ancient lich
 66416 | Zot:5    | XOM: enchant monster (bad)
 66422 | Zot:5    | XOM: enchant monster (bad)
 66428 | Zot:5    | HP: 8/201 [magical explosion (8)]
 66428 | Zot:5    | Gained mutation: You occasionally lose the ability to drink
                  | potions when taking damage. [mutagenic glow]
 66518 | Zot:4    | XOM: summons 1 hostile shadow creature
 66912 | D:6      | XOM: summons 1 hostile demon
 67025 | D:1      | Noticed Egotibruum the pandemonium lord
 67029 | D:1      | gg
 67030 | D:$      | Escaped with the Orb!

Illustrated notes

.#####.###### #+#....# #.[...
.#.....# #.####.# #.#.## .#.#####
#.# #.# #...# ...# #.# #.# ###.#
#### ##.## #.##### #.# .#
##...###.....# #.## .####
##..P..######.# #...
....#########...[3..#####.# #..#
###.#...'.....P.DXP.....+.####..#
# #...#######.....&.#####.......#
# ###.# ##..P..#####..#####.#
#.## ##...###.†.........# #..##
##.###..########### ##..####
#.###..# # ##....# #.##...# #
####.## #.##.#.# #
#..####'#..#.#######


Turn 67029 on D:1: gg

Levels and vault maps discovered:
D:1:      evilmike_arrival_plus, layout_basic, serial_shops, shop
D:2:      layout_loops_ring, uniq_crazy_yiuf_cottage
D:3:      minmay_octagon_keep, layout_rooms, kennysheep_nondescript,
          nicolae_the_louvre, uniq_natasha, uniq_terence, uniq_robin
D:4:      layout_gridville, ashenzari_altar_1, uniq_pikel
D:5:      layout_basic, nicolae_uskayaw_murder_on_the_dancefloor,
          minmay_temple_entry_mini_moons, uniq_edmund
D:6:      layout_basic
D:7:      layout_cave_pools, uniq_duvessa
D:8:      layout_basic, nicolae_hepliaklqana_monster_ancestors, enter_bailey_5,
          gammafunk_ghost_hydra_chop, chequers_garden
D:9:      layout_cave_pods, special_room [special_room_bee], uniq_erica,
          uniq_joseph, uniq_gastronok
D:10:     layout_rooms, gammafunk_temple_overflow_pools, dpeg_lair_monsters,
          minmay_fountain_box, nicolae_ea-nasir_strikes_again,
          minmay_misc_feat_nine_boxes
D:11:     minmay_bloctagon_deflated, layout_long_grid, uniq_josephine
D:12:     minmay_box_of_statues, layout_irregular_city, erik_orc_1,
          uniq_nergalle
D:13:     layout_small_grid, hellmonk_vaults_order_and_chaos,
          gammafunk_ghost_abyssal_escape
D:14:     layout_irregular_city, portal_ice_cave_entry_pillars_2, tso_metal_star
D:15:     hellmonk_depths_entry_around_the_bend, layout_irregular_city,
          grunt_decor_arrowhead, grunt_tough_drop
Temple:   bh_familiar_temple
Lair:1:   layout_gridlike, grunt_megastairs_1, uniq_sonja
Lair:2:   nzn_winding_woodlands_large [nzn_winding_woodlands_hourglass,
          nzn_winding_woodlands_5x15_pathside_ponds,
          nzn_winding_woodlands_5x5_three,
          nzn_winding_woodlands_center_pierced_h,
          nzn_winding_woodlands_15x15_five_gardens,
          nzn_winding_woodlands_center_lodge,
          nzn_winding_woodlands_5x5_open_star,
          nzn_winding_woodlands_5x15_split_checker,
          nzn_winding_woodlands_5x5_checkerboard], layout_cellular_growth,
          minmay_swamp_entry_worms
Lair:3:   layout_loops_ring, minmay_snake_entry_guardpost_small
Lair:4:   layout_big_grid, slime_entry_1, gauntlet_entry_generic, basic_altar,
          pdpol_lair_cavern_descent, infiniplex_staircase_pool_2
Lair:5:   gammafunk_lair_ancient_temple, layout_cave_shapes, lemuel_fruit_fields
Swamp:1:  nicolae_swamp_ascending_descending_big, layout_basic_swamp,
          evilmike_swamp_ruin_rubble_2
Swamp:2:  layout_basic_swamp, evilmike_swamp_ruin_house_4, uniq_mlioglotl,
          uniq_louise
Swamp:3:  layout_basic_swamp, evilmike_swamp_ruin_wall
Swamp:4:  swamp, layout_basic_swamp, gammafunk_ghost_split, swamp_pool1,
          nicolae_swamp_treefoil
Snake:1:  layout_grid_maze, grunt_megastairs_2
Snake:2:  layout_chambers, serial_bayou_shore_a, grunt_megastairs_5,
          uniq_vashnia, uniq_kirke, uniq_asterion
Snake:3:  layout_chambers, serial_bayou_lake_a
Snake:4:  minmay_snake_end_coiled, layout_rooms, serial_shops,
          nicolae_shop_back_alley_shop, gammafunk_ghost_wrathful_warriors,
          nicolae_snake_flat_spine, nicolae_fountain_basement
Orc:1:    layout_diamond_mine
Orc:2:    st_orc_rangers, layout_caves, maelrawn_ghost_gauntlet_escape,
          serial_shops, nicolae_shop_back_alley_shop, lemuel_statue_altar,
          dreamdust_deal_with_the_devil, uniq_maurice
Elf:1:    layout_loops_corners, serial_shops, shop, minmay_elf_necromancy,
          minmay_shop_star
Elf:2:    nicolae_elf_blades_crystal_corner, layout_geoelf_octagon,
          serial_nicolae_subway, nicolae_sub_station_crystal,
          nicolae_sub_station_metal, nicolae_sub_station_stone
Vaults:1: kennysheep_vaults_gozag_temple, nicolae_vaults_network_quinsquares
          [nicolae_vaults_network_quincunx_subvault,
          nicolae_vaults_network_quincunx_subvault,
          nicolae_vaults_network_quincunx_subvault,
          nicolae_vaults_network_quincunx_subvault], v_rooms_5,
          ontoclasm_vaults_ligature, nicolae_vaults_sesquioval_fish,
          nicolae_vaults_little_squares_1, vaults_room_pools,
          nicolae_vaults_ellipses_ellipsis, nicolae_vaults_storage_closets_2,
          hangedman_vaults_maws, layout_vaults_ring
Vaults:2: nicolae_vaults_six-pack, ontoclasm_vaults_tryst,
          nicolae_vaults_house_2, nicolae_vaults_an_arrangement, v_rooms_1,
          nicolae_vaults_little_squares_2, nicolae_vaults_diamond_2,
          nicolae_vaults_network_star, vaults_room_boxed,
          nicolae_vaults_tetromino_Z_1, nicolae_vaults_more_shelving_1,
          nicolae_vaults_house_1, v_misc_25, layout_vaults_chaotic_city,
          serial_shops, nicolae_shop_temple_entry_statues_fountains
Vaults:3: nicolae_vaults_circle_grid_a, v_misc_8,
          vaults_room_hangedman_quadrants, v_rooms_6, v_misc_23,
          nicolae_vaults_double_plus_1, layout_vaults_omnigrid,
          blue_anna_dwarven_crypt
Vaults:4: nicolae_vaults_mini_display_case,
          nicolae_vaults_shipping_containers_3, vaults_mumra_minichess,
          nicolae_vaults_trapezoid_4, grunt_vaults_diagonal,
          nicolae_vaults_double_plus_2, nicolae_vaults_more_shelving_2,
          nicolae_vaults_sealed_display, ontoclasm_vaults_spin,
          nicolae_vaults_variable_pillar_hall,
          nicolae_vaults_trapezoid_lopsided_3, v_alt_pattern_4,
          nicolae_vaults_surprise_closet, layout_vaults_maze_snakey, uniq_mennas
Depths:1: layout_cave_pools, minmay_door_square, hell_entry,
          hangedman_abyss_or_decor_stabs, nicolae_ru_awakened_eye
Depths:2: nicolae_fronds_of_death, layout_cross, abyss_entry, pan_entry,
          hell_entry, kennysheep_donut, minmay_shoptagon,
          infiniplex_staircase_diamond
Depths:3: nicolae_cairo_tiling, layout_long_grid,
          hangedman_abyss_or_decor_slice, hell_entry,
          hangedman_abyss_entry_splay, chequers_serial_rivers_micro_a
Depths:4: evilmike_zot_entry_hall, layout_basic, enter_ziggurat_c, hell_entry,
          trog_three_pillars_becter, serial_bayou_ford_a
Zot:1:    layout_cellular_growth, drop_trap
Zot:2:    layout_gridlike, grunt_ministairs_2
Zot:3:    layout_gridlike
Zot:4:    gammafunk_sealed_library, layout_cathedral_of_symmetry, uniq_vv
Zot:5:    layout_cathedral_of_symmetry, grunt_ministairs_7

Skill      XL: |  1  2  3  4  5  6  7  8  9 10 11 12 13 14 15 16 17 18 19 20 21 22 23 24 |
---------------+-------------------------------------------------------------------------+-----
Stealth        | 2 4 |  4.0
Unarmed Combat | 4 5 7 8 9 11 12 13 15 16 18 20 | 20.0
Translocations | 2 |  2.0
Spellcasting   | 1 4 6 7 8 10 | 10.0
Dodging        | 5 8 9 12 13 17 18 | 18.0
Evocations     | 4 6 8 10 13 | 13.5
Shapeshifting  | 1 4 8 10 12 14 16 20 | 20.0
Fighting       | 4 5 8 9 10 12 13 15 16 18 20 | 20.0
Transmutations | 5 10 | 10.0
Conjurations   | 4 9 11 12 13 15 16 | 16.0
Ice Magic      | 5 6 |  6.0
Summonings     | 5 6 11 13 | 13.0

Action                     |  1- 3 |  4- 6 |  7- 9 | 10-12 | 13-15 | 16-18 | 19-21 | 22-24 || total
---------------------------+-------+-------+-------+-------+-------+-------+-------+-------++-------
  Melee: Unarmed           |   123 |   158 |   266 |   616 |  1360 |  2426 |  1179 |  1128 ||  7256
         Bite              |    10 |    16 |    31 |   124 |   258 |   455 |   194 |   188 ||  1276
         Punch             |     3 |     8 |    15 |     1 |       |     2 |   147 |   199 ||   375
         Tailslap          |       |       |       |       |       |     9 |   254 |   264 ||   527
   Cast: Blink             |     1 |       |     1 |       |       |       |       |       ||     2
         Wereblood         |       |       |       |     1 |       |       |     1 |     3 ||     5
         Ozocubu's Armour  |       |       |       |       |       |     1 |     2 |       ||     3
         Irradiate         |       |       |       |       |       |       |     2 |     6 ||     8
         Apportation       |       |       |       |       |       |       |       |     2 ||     2
         Spellforged Servi |       |       |       |       |       |       |       |     2 ||     2
Ability: Breathe Fire      |       |       |       |       |       |       |     2 |       ||     2
  Evoke: Wand              |       |     4 |     9 |    17 |    25 |    30 |     2 |    10 ||    97
         Sack of spiders   |       |       |       |       |     1 |     2 |     2 |     2 ||     7
         Lightning rod     |       |       |       |       |     5 |       |       |       ||     5
         Tin of tremorston |       |       |       |       |     2 |     2 |     5 |       ||     9
         Phial of floods   |       |       |       |       |       |     2 |       |     2 ||     4
         Box of beasts     |       |       |       |       |       |     1 |       |       ||     1
    Use: Scroll            |       |     3 |     9 |    11 |     9 |     7 |     4 |    11 ||    54
         Potion            |       |       |     3 |     3 |     3 |    15 |     4 |    20 ||    48
   Stab: Sleeping          |     6 |     6 |     3 |     8 |     3 |     3 |    18 |    10 ||    57
         Distracted        |       |     2 |       |     1 |     2 |     8 |    16 |     7 ||    36
         Invisible         |       |     2 |     4 |     1 |     1 |     2 |       |     6 ||    16
         Confused          |       |     1 |     2 |       |     4 |     8 |     5 |     7 ||    27
         Petrified         |       |       |     2 |       |       |     2 |     1 |       ||     5
         Petrifying        |       |       |       |       |       |     1 |     2 |       ||     3
         Held in net/web   |       |       |       |       |       |     1 |       |       ||     1
         Paralysed         |       |       |       |       |       |       |     6 |     2 ||     8
 Armour: Skin              |    37 |    50 |    78 |   177 |   394 |   538 |   507 |   528 ||  2309
  Dodge: Dodged            |    87 |   137 |   217 |   588 |  1197 |  3243 |  1385 |  1205 ||  8059
  Block: Other             |       |       |       |       |       |    70 |       |       ||    70
   Form: Beast             |       |       |     1 |       |       |       |       |       ||     1
         Flux              |       |       |       |     1 |     1 |       |       |       ||     2
         Anaconda          |       |       |       |       |     1 |       |       |       ||     1
         Dragon            |       |       |       |       |       |     1 |       |       ||     1

Table legend: (Time is in decaauts)
 A = Elapsed time spent in this place.
 B = Non-inter-level travel time spent in this place.
 C = Inter-level travel time spent in this place.
 D = Time resting spent in this place.
 E = Time spent auto-exploring this place.
 F = Levels seen in this place.
 G = Mean time per level.
                   A        B        C        D        E       F      G
               +--------+--------+--------+--------+--------+-----+--------+
         Total |  60445 |  56570 |   3875 |  18849 |  20095 |  53 | 1140.5 |
       Dungeon |  16169 |  14552 |   1617 |   4021 |   5319 |  15 | 1077.9 |
        Temple |     14 |     14 |      0 |      6 |      0 |   1 |   14.0 |
          Lair |   7048 |   6717 |    331 |   2264 |   2121 |   5 | 1409.6 |
         Swamp |   4589 |   4297 |    292 |   1720 |   1375 |   4 | 1147.2 |
     Snake Pit |   8238 |   7759 |    479 |   3290 |   2296 |   4 | 2059.5 |
  Orcish Mines |   1734 |   1449 |    285 |    247 |    681 |   2 |  867.0 |
   Elven Halls |   3153 |   2994 |    159 |   1138 |   1117 |   2 | 1576.5 |
        Vaults |   5454 |   5217 |    237 |    918 |   2880 |   4 | 1363.5 |
        Depths |   4792 |   4503 |    289 |   1670 |   1799 |   4 | 1198.0 |
           Zot |   7233 |   7050 |    183 |   3086 |   2238 |   5 | 1446.6 |
         Abyss |   1270 |   1270 |      0 |    294 |    113 |   4 |  317.5 |
        Bailey |     61 |     61 |      0 |      4 |      5 |   1 |   61.0 |
      Ice Cave |    511 |    511 |      0 |    187 |     51 |   1 |  511.0 |
      Gauntlet |    172 |    172 |      0 |      0 |     95 |   1 |  172.0 |
               +--------+--------+--------+--------+--------+-----+--------+

Top non-repeatable levels by time:
 Snake:1: 2513 daAuts
   Zot:3: 2486 daAuts
 Snake:2: 2185 daAuts
  Lair:2: 2129 daAuts
   Elf:2: 2006 daAuts
   Zot:4: 2004 daAuts
Vaults:1: 1951 daAuts
 Snake:3: 1876 daAuts
    D:10: 1803 daAuts
    D:13: 1749 daAuts
    D:12: 1711 daAuts
 Snake:4: 1662 daAuts
Depths:4: 1628 daAuts
Vaults:2: 1436 daAuts
  Lair:5: 1362 daAuts
